 Dungeon Crawl Stone Soup version 0.31-a0-700-gf13585253f (webtiles) character file.

Game seed: 4882470272678424826

1864987 qw the Conqueror (level 26, 185/193 HPs)
             Began as a Gargoyle Hunter on Sept 7, 2023.
             Was a High Priest of Okawaru.
             Escaped with the Orb
             ... and 3 runes!
             The game lasted 00:35:09 (53884 turns).

qw the Conqueror (Gargoyle Hunter)                 Turns: 53884, Time: 00:35:10

Health: 185/193    AC: 47    Str: 18    XL:     26   Next: 64%
Magic:  10/10      EV: 49    Int: 12    God:    Okawaru [*****.]
Gold:   7394       SH:  0    Dex: 43    Spells: 25/25 levels left

rFire   x . .        x - +5 triple crossbow of Poicling {antimagic, Int+3 Dex+5}
rCold   . . .        (shield currently unavailable)
rNeg    + . .        o - +5 ring mail of Kesa Pih {Int-2 Dex+3 Slay+2 SInv}
rPois   inf          t - -1 helmet of the Locust {Str+3 Dex+5}
rElec   +            z - +2 cloak of the Doldrums {Rampage Str-3 Dex+3 Slay+3}
rCorr   .            g - +2 pair of gloves
SInv    +            h - +2 pair of boots
Will    ++...        r - amulet of faith
Stlth   +            k - +5 ring of evasion
HPRegen 0.52/turn    q - +6 ring of dexterity
MPRegen 0.12/turn

%: random rage (3%), rampage, faith
@: flying
A: sickness immunity, AC +20, big wings, negative energy resistance 1,
electricity resistance, torment resistance 1, petrification resistance, talons
2, berserk 1, strong-willed 1, wild magic 1, heat vulnerability 1
0: Orb of Zot
}: 3/15 runes: barnacled, silver, gossamer
a: Renounce Religion, Heroism, Finesse, Duel


You escaped.
You worshipped Okawaru.
Okawaru was extremely pleased with you.
You visited 9 branches of the dungeon, and saw 45 of its levels.

You collected 10336 gold pieces.
You spent 2942 gold pieces at shops.


Innate Abilities, Weirdness & Mutations

You are immune to sickness and miasma.
Your stone body is resilient. (AC +20)
You are immune to poison.
Your large and strong wings let you fly.
You resist negative energy. (rN+)
You are resistant to electric shocks. (rElec)
You are resistant to unholy torment.
You are immune to petrification.
You have razor-sharp toenails.
You sometimes lose your temper in combat.
You are strong-willed. (Will+)
Your spells are a little harder to cast, but a little more powerful.
You are vulnerable to heat. (rF-)


   Skills:
 O Level 27 Fighting
 - Level 22.0 Ranged Weapons
 + Level 21.1 Armour
 - Level 22.0 Dodging
 - Level 1.1 Stealth
 - Level 11.6 Invocations


You had 25 spell levels left.
You didn't know any spells.
Your spell library was empty.

Inventory:

Hand Weapons
 x - the +5 triple crossbow of Poicling (weapon) {antimagic, Int+3 Dex+5}
   (Okawaru gifted it to you on level 1 of the Depths)

   Int+3:     It affects your intelligence (+3).
   Dex+5:     It affects your dexterity (+5).
Armour
 g - a +2 pair of gloves (worn)
 h - a +2 pair of boots (worn)
 o - the +5 ring mail of Kesa Pih (worn) {Int-2 Dex+3 Slay+2 SInv}
   (You found it on level 2 of the Spider Nest)

   Int-2:     It affects your intelligence (-2).
   Dex+3:     It affects your dexterity (+3).
   Slay+2:    It affects your accuracy & damage with ranged weapons and melee
   (+2).
   SInv:      It lets you see invisible.
 t - the -1 helmet of the Locust (worn) {Str+3 Dex+5}
   (You found it on level 10 of the Dungeon)

   Str+3:     It affects your strength (+3).
   Dex+5:     It affects your dexterity (+5).
 z - the +2 cloak of the Doldrums (worn) {Rampage Str-3 Dex+3 Slay+3}
   (You bought it in a shop on level 2 of the Orcish Mines)

   Str-3:     It affects your strength (-3).
   Dex+3:     It affects your dexterity (+3).
   Slay+3:    It affects your accuracy & damage with ranged weapons and melee
   (+3).
   Rampage:   It bestows one free step when moving towards enemies.
Jewellery
 k - a +5 ring of evasion (left hand)
 n - the ring "Meyffuqagg" {Ice Will+ Str+3}
   (You took it off Josephina on level 3 of the Realm of Zot)

   [ring of ice]

   Ice:       It enhances your ice magic.
   Str+3:     It affects your strength (+3).
   rF-:       It makes you vulnerable to fire.
   rC+:       It protects you from cold.
   Will+:     It increases your willpower.
 q - a +6 ring of dexterity (right hand)
 r - an amulet of faith (around neck)
 y - an amulet of reflection
 Y - a ring of protection from fire
Wands
 d - a wand of digging (3)
Scrolls
 a - 16 scrolls of teleportation
 b - 9 scrolls of enchant armour
 e - 5 scrolls of identify
 j - 8 scrolls of enchant weapon
 v - 2 scrolls of brand weapon
Potions
 f - 9 potions of curing
 i - 2 potions of magic
 l - 12 potions of might
 m - 6 potions of resistance
 p - 2 potions of heal wounds
 s - 6 potions of cancellation
 u - 6 potions of enlightenment

Dungeon Overview and Level Annotations

Branches:
Dungeon (15/15)            Temple (1/1) D:5            Lair (5/5) D:9
 Shoals (4/4) Lair:2       Spider (4/4) Lair:2        Slime (0/5) Lair:5
    Orc (2/2) D:12            Elf (0/3) Orc:2        Vaults (5/5) D:14
  Crypt (0/3) Vaults:3     Depths (4/4) D:15            Zot (5/5) Depths:4

Altars:
Ashenzari
Cheibriados
Dithmenos
Elyvilon
Fedhas
Gozag
Hepliaklqana
Kikubaaqudgha
Makhleb
Nemelex Xobeh
Okawaru
Qazlal
Ru
Sif Muna
Trog
Uskayaw
Vehumet
Wu Jian
Xom
Yredelemnul
Zin
The Shining One
Jiyva

Shops:
D:3 *   D:4 (   D:6 *(*(*   D:15 ?   Orc:1 =   Orc:2 *(=*[   Shoals:3 :
Vaults:2 [   Vaults:3 [   Vaults:4 (   Depths:1 =:=   Depths:2 [

Portals:
Hell: Depths:1 Depths:2 Depths:3 Depths:4
Abyss: Lair:3 Depths:3
Pandemonium: Depths:2 Depths:3
Ziggurat: Depths:4

Annotations:
Lair:3 2 transporters, qw's ghost, journeyman MiHs
Lair:5 1 runed translucent door
Shoals:1 2 transporters, qw's ghost, journeyman MiHs


Message History

You shoot a bolt. The bolt hits the glowing orange brain!
The glowing orange brain's magic leaks into the air.
The glowing orange brain is almost dead.
The glowing orange brain pulsates ominously.
You shoot a bolt. The bolt hits the glowing orange brain.
The glowing orange brain's magic leaks into the air.
The glowing orange brain is almost dead.
You shoot a bolt.
The bolt completely misses the glowing orange brain.
The glowing orange brain falters for a moment.
You shoot a bolt. The bolt hits the glowing orange brain!
You kill the glowing orange brain!
Okawaru accepts your kill.
What level of the Dungeon? (default 1, ? - help)
There is a stone staircase leading up here.
You fly upwards.
There is a stone staircase leading down here.
You reach down and open the door.
There is an open door here.
There is a staircase leading out of the dungeon here.
Enter note:
Enter note:
Enter note:
Enter note:
Enter note:
Enter note:
Enter note:
Enter note:
Enter note:
Enter note:
Enter note:
Enter note:
Enter note:
Enter note:
Enter note:
Enter note:
Enter note:
Enter note:
Enter note: You have escaped!

#.#####.#...#.# #..#######.....
.......#...##.# #.## #.#...
......#.#####.# #.# #.#.##
........# #.# #.# #.#.# #.##.####
### ##'## #.#.# #.##.# #...#
#.#.# #.##.# ##### #...# #.#.##
#.>#.# #...# ###...### ##.#...
##.#.# #.### #@......# #..###.
#.#.# ##.# ####.......####.## #r
##.#.###..###.............#.# #.
............#......}......+.####r
####......#.#.............#.#....
............####.......####.#.##.
#####.....### #.......# #.#.#.. #
##)#.## ###...### #...... ##
#.#.# #...# #......


There were no monsters in sight!

Vanquished Creatures
  3 ancient liches
  2 orbs of fire (Zot:5)
  Mara (Shoals:3)
  A juggernaut (Depths:3)
  Boris (4 times) (Vaults:2 Vaults:3 Depths:2 D:11)
  A pandemonium lord (Zot:5)
  Vv (Depths:2)
  Josephina (Zot:3)
  7 Killer Klowns (Zot:5)
  Bai Suzhen (Shoals:3)
  5 curse toes
  Nikola (Vaults:2)
  12 golden dragons
  Arachne (Spider:2)
  Norris (Vaults:4)
  A bone dragon (Depths:4)
  A Tzitzimitl (Zot:5)
  An electric golem (Zot:5)
  Rupert (Lair:4)
  Jorgrun (D:15)
  An Ice Fiend (Zot:5)
  17 tentacled monstrosities
  6 liches
  8 titans
  9 sphinxes
  5 quicksilver dragons
  24 Orb Guardians
  Kirke (Spider:1)
  6 death cobs
  2 ancient champions (Vaults:3)
  A kraken (Shoals:4)
  9 tengu reavers
  An Executioner (D:15)
  20 storm dragons
  Aizul (Shoals:3)
  5 draconian monks
  7 shadow dragons
  5 fire giants
  4 draconian knights
  17 vault wardens
  11 frost giants
  2 deep elf sorcerers (Shoals:3)
  2 balrugs
  8 draconian scorchers
  An angel (Depths:4)
  5 draconian shifters
  6 emperor scorpions
  4 ghost moths
  2 cacodemons
  2 spriggan defenders (Depths:3)
  A quicksilver ooze (shapeshifter) (Vaults:4)
  5 draconian stormcallers
  3 orc warlords
  6 war gargoyles
  4 draconian annihilators
  2 vampire knights
  16 stone giants
  18 ironbound preservers
  A ghoul (Vaults:3)
  A formless jellyfish (Vaults:4)
  A deep elf demonologist (Vaults:5)
  2 demonspawn black suns (D:15)
  24 very ugly things
  6 ironbound thunderhulks
  11 green draconians
  11 purple draconians
  5 black draconians
  2 eleionomae (Shoals:3)
  8 dire elephants (Vaults:1)
  9 spark wasps
  12 white draconians
  12 yellow draconians
  5 red draconians
  11 fire dragons
  4 merfolk javelineers (Shoals:4)
  17 ettins
  14 yaktaur captains
  3 crystal guardians
  12 entropy weavers
  6 great orbs of eyes
  11 merfolk impalers (Shoals:4)
  2 deep elf high priests
  6 jiangshi (Depths:4)
  12 ice dragons
  7 hydras
  5 peacekeepers
  3 jorogumos
  4 catoblepae
  4 merfolk avatars
  An ogre mage (Vaults:5)
  2 rakshasas
  7 ironbound frosthearts
  2 merfolk aquamancers
  32 vault guards
  3 spriggan air magi
  18 centaur warriors
  A sphinx zombie (Vaults:2)
  5 death yaks (Lair:5)
  A death knight (D:15)
  2 radroaches (Spider:2)
  An alligator snapping turtle (Shoals:4)
  9 tengu warriors
  9 boulder beetles
  5 two-headed ogres
  An alligator (shapeshifter) (Depths:3)
  4 satyrs (Shoals:3)
  6 deep troll shamans
  11 deep troll earth magi
  An orc high priest (Orc:2)
  4 spriggans
  5 vampire magi
  14 spriggan berserkers
  9 demonic crawlers
  A soul eater (D:15)
  Urug (D:13)
  10 hell knights
  7 iron trolls
  3 sun demons (D:7)
  3 sixfirhies
  2 fire crabs (Shoals:2)
  4 sun moths
  2 deep elf knights (Shoals:3)
  9 skysharks
  5 pharaoh ants
  2 salamander mystics (Depths:2)
  4 glowing orange brains
  5 skeletal warriors (D:10)
  A swamp dragon (Zot:1)
  14 orb spiders
  59 deep trolls
  10 sea snakes
  3 deep elf archers (Shoals:3)
  Pikel (D:7)
  18 ironbound convokers
  5 steelbarb worms
  2 steelbarb worms (shapeshifter)
  5 wizards
  A human zombie (Vaults:2)
  4 deep elf pyromancers
  6 necromancers
  3 deep elf zephyrmancers
  22 harpies
  6 phantasmal warriors
  26 wolf spiders
  25 ugly things
  3 orc sorcerers (Orc:2)
  3 orc knights (Orc:2)
  25 fauns
  6 cyclopes
  5 salamanders (Depths:2)
  14 manticores
  20 moths of wrath
  8 merfolk sirens
  6 elephants (Lair:5)
  A rust devil (D:8)
  8 torpor snails
  6 black mambas
  2 smoke demons (Depths:4)
  13 cane toads
  10 water nymphs
  A gargoyle (D:12)
  18 vault sentinels
  4 orange demons
  2 freezing wraiths
  5 rime drakes
  An elf skeleton (Vaults:2)
  A hellion (Zot:5)
  8 komodo dragons
  2 unseen horrors (D:11)
  A komodo dragon (shapeshifter) (D:15)
  17 yaktaurs
  8 tengu conjurers
  An efreet (D:15)
  2 ghost moth simulacra (Zot:3)
  A yaktaur (shapeshifter) (Vaults:5)
  A golden dragon simulacrum (Zot:3)
  2 trolls
  3 polar bears
  A hellwing (D:10)
  27 merfolk
  A yaktaur skeleton (Vaults:2)
  6 hornets
  4 red devils
  37 tarantellas
  A merfolk (shapeshifter) (Vaults:5)
  7 dream sheep (Lair:4)
  A polar bear (shapeshifter) (D:12)
  10 wind drakes
  39 blink frogs
  An ettin zombie (Vaults:2)
  30 slime creatures
  A slime creature (shapeshifter) (Vaults:4)
  25 culicivoras
  31 jumping spiders
  8 snapping turtles
  4 wraiths
  7 wyverns
  Eustachio (D:3)
  6 water elementals
  6 hogs (Spider:1)
  16 humans (D:13)
  6 basilisks
  43 yaks
  A golden eye (shapeshifter) (D:15)
  A fire bat (Shoals:2)
  4 vampire mosquitoes (D:11)
  A chaos spawn (D:10)
  64 redbacks
  2 neqoxecs (D:10)
  Menkaure (D:7)
  3 wargs
  12 water moccasins
  3 acid dragons
  Duvessa (D:7)
  A floating eye (Depths:4)
  A glowing shapeshifter skeleton (Vaults:2)
  A moth of wrath simulacrum (Zot:3)
  3 black bears
  2 sky beasts
  3 ogres
  21 orc warriors
  An ice beast (D:6)
  A tengu (shapeshifter) (Vaults:5)
  17 centaurs
  29 wolves
  A phantom (D:5)
  A lemure (D:7)
  5 gnoll sergeants
  4 kobold brigands
  Blork the orc (Orc:2)
  4 scorpions
  12 bullfrogs
  An ogre simulacrum (Vaults:2)
  A human simulacrum (Vaults:2)
  16 wights
  Dowan (D:7)
  3 killer bees (D:9)
  7 electric eels
  2 howler monkeys
  A jelly (D:5)
  16 orc priests
  5 hounds
  4 gnoll boudas
  2 sleepcaps
  2 iguanas
  19 orc wizards
  Natasha (twice) (D:2)
  35 gnolls
  6 adders
  A shadow imp (D:6)
  A white imp (D:5)
  4 ufetubi
  2 worms
  A dart slug (D:3)
  36 orcs
  6 endoplasms
  5 giant cockroaches
  11 goblins
  6 hobgoblins
  8 jackals
  25 kobolds
  3 quokkas
  7 ball pythons
  6 bats
  2 frilled lizards
  10 rats
  A tentacle (Shoals:4)
1933 creatures vanquished.

Vanquished Creatures (others)
  2 fauns (Shoals:3)
  A storm dragon simulacrum (Zot:3)
  A merfolk (Shoals:3)
  A centaur (Shoals:3)
  A gnoll (D:5)
  A kobold (D:7)
  3 tentacles (Shoals:4)
10 creatures vanquished.

Grand Total: 1943 creatures vanquished

Notes
Turn   | Place    | Note
-------+----------+-------------------------------------------
     0 | D:1      | qw the Gargoyle Hunter began the quest for the Orb.
     0 | D:1      | Reached XP level 1. HP: 12/12 MP: 1/1
     0 | D:1      | 0 ||| qw: Version: 0.3-a-76-g4403597
     0 | D:1      | 0 ||| qw: Game counter: 483
     0 | D:1      | 0 ||| qw: Melee chars always use a shield: true
     0 | D:1      | 0 ||| qw: God list: Okawaru
     0 | D:1      | 0 ||| qw: Allow faded altars: false
     0 | D:1      | 0 ||| qw: Do Orc after clearing Dungeon:15 true
     0 | D:1      | 0 ||| qw: Do second Lair branch before Depths: true
     0 | D:1      | 0 ||| qw: Lair rune preference: random
     0 | D:1      | 0 ||| qw: Goals: Normal
     0 | D:1      | 0 ||| PLANNING D:1-11
    52 | D:1      | Reached XP level 2. HP: 14/17 MP: 2/2
   262 | D:1      | Found a faded altar of an unknown god.
   413 | D:1      | Reached XP level 3. HP: 20/21 MP: 3/3
   844 | D:1      | 844 ||| UPGRADING to +1 pair of boots.
   849 | D:1      | 849 ||| READING 2 scrolls labelled QAUKOF ZIEW.
   852 | D:1      | 852 ||| READING 3 scrolls labelled XEN YQEK DUK.
   853 | D:1      | 853 ||| READING scroll labelled DASINY VASME.
   854 | D:1      | 854 ||| READING scroll labelled QIBBEM JATEURR.
   855 | D:1      | 855 ||| READING scroll labelled ICIRIG TOHUIM.
   856 | D:1      | 856 ||| DRINKING 2 golden potions.
   857 | D:1      | 857 ||| DROPPING scroll of butterflies.
   858 | D:1      | 858 ||| DROPPING 2 scrolls of summoning.
   932 | D:2      | Reached skill level 3 in Fighting
   937 | D:2      | Reached XP level 4. HP: 14/28 MP: 4/4
   998 | D:2      | Noticed Natasha
  1003 | D:2      | Killed Natasha
  1306 | D:2      | Noticed Natasha
  1313 | D:2      | Killed Natasha
  1314 | D:2      | Reached XP level 5. HP: 15/32 MP: 5/5
  1381 | D:2      | 1381 ||| READING scroll labelled KOETUL PEKH.
  1381 | D:2      | Identified a scroll of acquirement
  1381 | D:2      | 1381 ||| ACQUIRING scarf "Baduk" {shadows, rF+ Int+5}
  1381 | D:2      | Acquired the scarf "Baduk" {shadows, rF+ Int+5}
  1383 | D:2      | 1383 ||| UPGRADING to scarf "Baduk" {shadows, rF+ Int+5}.
  1388 | D:2      | 1388 ||| READING scroll labelled AXTYRU KUNAINN.
  1389 | D:2      | 1389 ||| DRINKING 2 red potions.
  1551 | D:3      | Found Edwegemn's General Store.
  1560 | D:3      | 1560 ||| SHOPLISTING +4 ring of slaying (936 gold, have
                  | 109).
  1581 | D:3      | Reached skill level 6 in Ranged Weapons
  2054 | D:3      | 2054 ||| UPGRADING to +0 ring mail.
  2064 | D:3      | 2064 ||| DROPPING +0 leather armour.
  2065 | D:3      | 2065 ||| READING scroll labelled MIMNU SYLI.
  2066 | D:3      | 2066 ||| READING scroll labelled KEIT HASTIERI.
  2067 | D:3      | 2067 ||| READING scroll labelled GECRUCWOWU.
  2068 | D:3      | 2068 ||| DRINKING 2 cyan potions.
  2127 | D:4      | Reached skill level 1 in Armour
  2131 | D:4      | 2131 ||| DRINKING potion of curing.
  2131 | D:4      | 2131 ||| (to cure confusion)
  2145 | D:4      | Reached skill level 4 in Fighting
  2179 | D:4      | Found Huczit's Weapon Emporium.
  2192 | D:4      | 2192 ||| SHOPLISTING +5 arbalest (346 gold, have 158).
  2286 | D:4      | Found a white marble altar of Elyvilon.
  2390 | D:4      | Reached XP level 6. HP: 35/38 MP: 6/6
  2403 | D:4      | Noticed Eustachio
  2407 | D:4      | 2407 ||| RETREATING.
  2422 | D:4      | 2422 ||| RETREATING.
  2458 | D:4      | 2458 ||| FLEEEEING.
  2459 | D:4      | 2459 ||| FLEEEEING.
  2461 | D:4      | 2461 ||| FLEEEEING.
  2462 | D:4      | 2462 ||| FLEEEEING.
  2467 | D:4      | 2467 ||| FLEEEEING.
  2474 | D:4      | 2474 ||| FLEEEEING.
  2475 | D:4      | 2475 ||| FLEEEEING.
  2476 | D:4      | 2476 ||| FLEEEEING.
  2477 | D:4      | 2477 ||| FLEEEEING.
  2478 | D:4      | 2478 ||| FLEEEEING.
  2479 | D:4      | 2479 ||| FLEEEEING.
  2480 | D:4      | 2480 ||| FLEEEEING.
  2485 | D:4      | 2485 ||| STAIRDANCE
  2511 | D:3      | 2511 ||| DRINKING 2 emerald potions.
  2512 | D:3      | 2512 ||| DROPPING potion of degeneration.
  2526 | D:4      | 2526 ||| STAIRDANCE
  2530 | D:3      | 2530 ||| Stepping ~*~*~tactically~*~*~ (retreating).
  2531 | D:3      | 2531 ||| Stepping ~*~*~tactically~*~*~ (retreating).
  2533 | D:3      | 2533 ||| Stepping ~*~*~tactically~*~*~ (retreating).
  2539 | D:3      | 2539 ||| Stepping ~*~*~tactically~*~*~ (retreating).
  2540 | D:3      | 2540 ||| Stepping ~*~*~tactically~*~*~ (retreating).
  2541 | D:3      | 2541 ||| Stepping ~*~*~tactically~*~*~ (retreating).
  2542 | D:3      | 2542 ||| Stepping ~*~*~tactically~*~*~ (retreating).
  2544 | D:3      | 2544 ||| FLEEEEING.
  2548 | D:3      | 2548 ||| FLEEEEING.
  2549 | D:3      | 2549 ||| FLEEEEING.
  2550 | D:3      | 2550 ||| FLEEEEING.
  2551 | D:3      | 2551 ||| FLEEEEING.
  2552 | D:3      | 2552 ||| FLEEEEING.
  2554 | D:3      | 2554 ||| FLEEEEING.
  2556 | D:3      | 2556 ||| Stepping ~*~*~tactically~*~*~ (retreating).
  2559 | D:3      | 2559 ||| Stepping ~*~*~tactically~*~*~ (retreating).
  2559 | D:3      | HP: 7/38 [white imp/puff of frost[Eustachio] (5)]
  2560 | D:3      | 2560 ||| READING 2 scrolls of teleportation.
  2561 | D:3      | 2561 ||| DRINKING 4 potions of heal wounds.
  2562 | D:3      | 2562 ||| Stepping ~*~*~tactically~*~*~ (retreating).
  2674 | D:4      | 2674 ||| READING scroll of acquirement.
  2674 | D:4      | 2674 ||| ACQUIRING ring of Roehemyneo {AC+4 Int+3}
  2674 | D:4      | Acquired the ring of Roehemyneo {AC+4 Int+3}
  2676 | D:4      | 2676 ||| UPGRADING to ring of Roehemyneo {AC+4 Int+3}.
  2877 | D:4      | 2877 ||| UPGRADING to +0 pair of gloves.
  2915 | D:5      | Entered Level 5 of the Dungeon
  2973 | D:5      | 2973 ||| Stepping ~*~*~tactically~*~*~ (outnumbered).
  2974 | D:5      | 2974 ||| Stepping ~*~*~tactically~*~*~ (outnumbered).
  2993 | D:5      | HP: 9/38 [gnoll/+0 spear (4)]
  2994 | D:5      | 2994 ||| READING scroll of teleportation.
  2995 | D:5      | 2995 ||| DRINKING 3 potions of heal wounds.
  2996 | D:5      | Found a staircase to the Ecumenical Temple.
  2997 | D:5      | 2997 ||| PLANNING TEMPLE
  3063 | Temple   | Entered the Ecumenical Temple
  3064 | Temple   | 3064 ||| PLANNING OKAWARU WORSHIP
  3069 | Temple   | Became a worshipper of Warmaster Okawaru
  3070 | Temple   | 3070 ||| PLANNING D:1-11
  3095 | D:5      | 3095 ||| RETREATING.
  3100 | D:5      | 3100 ||| Stepping ~*~*~tactically~*~*~ (retreating).
  3101 | D:5      | 3101 ||| Stepping ~*~*~tactically~*~*~ (retreating).
  3102 | D:5      | 3102 ||| Stepping ~*~*~tactically~*~*~ (retreating).
  3103 | D:5      | 3103 ||| Stepping ~*~*~tactically~*~*~ (retreating).
  3104 | D:5      | 3104 ||| Stepping ~*~*~tactically~*~*~ (retreating).
  3105 | D:5      | 3105 ||| Stepping ~*~*~tactically~*~*~ (retreating).
  3106 | D:5      | 3106 ||| Stepping ~*~*~tactically~*~*~ (retreating).
  3110 | D:5      | Reached XP level 7. HP: 16/43 MP: 7/7
  3124 | D:5      | HP: 7/43 [gnoll/+0 whip[a gnoll bouda] (5)]
  3125 | D:5      | 3125 ||| DRINKING 2 potions of heal wounds.
  3205 | D:5      | 3205 ||| SWAPPING to +0 orcbow.
  3206 | D:5      | 3206 ||| DROPPING +1 shortbow.
  3418 | D:5      | Reached * piety under Okawaru
  3692 | D:5      | Reached skill level 1 in Invocations
  3732 | D:5      | Reached skill level 5 in Fighting
  3781 | D:5      | 3781 ||| INVOKING Heroism.
  3793 | D:5      | Reached XP level 8. HP: 49/49 MP: 7/9
  3888 | D:5      | 3888 ||| INVOKING Heroism.
  3897 | D:5      | Reached skill level 3 in Invocations
  4109 | D:5      | 4109 ||| INVOKING Heroism.
  4329 | D:5      | 4329 ||| UPGRADING to +1 hat.
  4334 | D:5      | 4334 ||| READING scroll labelled UNLOAFRITZ.
  4335 | D:5      | 4335 ||| READING scroll labelled ZUESUA CAPUUPP.
  4371 | D:5      | 4371 ||| READING 5 scrolls of identify.
  4371 | D:5      | 4371 ||| IDENTIFYING fuming purple potion
  4372 | D:5      | 4372 ||| READING 4 scrolls of identify.
  4372 | D:5      | 4372 ||| IDENTIFYING bubbling ruby potion
  4373 | D:5      | 4373 ||| READING 3 scrolls of identify.
  4373 | D:5      | 4373 ||| IDENTIFYING fuming grey potion
  4374 | D:5      | 4374 ||| READING 2 scrolls of identify.
  4374 | D:5      | 4374 ||| IDENTIFYING metallic black potion
  4375 | D:5      | 4375 ||| DROPPING potion of lignification.
  4376 | D:5      | 4376 ||| DROPPING potion of attraction.
  4398 | D:6      | 4398 ||| STAIRDANCE
  4468 | D:6      | Reached skill level 9 in Ranged Weapons
  4468 | D:6      | 4468 ||| STAIRDANCE
  4509 | D:6      | Found Lall's Assorted Antiques.
  4515 | D:6      | 4515 ||| BUYING blackened gold wand (108 gold).
  4515 | D:6      | Bought a blackened gold wand for 108 gold pieces
  4515 | D:6      | 4515 ||| BUYING sharpened lead wand (108 gold).
  4515 | D:6      | Bought a sharpened lead wand for 108 gold pieces
  4542 | D:6      | Reached ** piety under Okawaru
  4564 | D:6      | Found Fadeod's Antique Weapon Boutique.
  4628 | D:6      | Reached skill level 6 in Fighting
  4650 | D:6      | 4650 ||| INVOKING Heroism.
  4670 | D:6      | Found Beck's Assorted Antiques.
  4683 | D:6      | Reached XP level 9. HP: 54/55 MP: 12/12
  4708 | D:6      | 4708 ||| SHOPLISTING gilded ring (120 gold, have 57).
  4708 | D:6      | 4708 ||| SHOPLISTING long fluorescent wand (96 gold, have
                  | 57).
  4708 | D:6      | 4708 ||| SHOPLISTING potion of curing (72 gold, have 57).
  4708 | D:6      | 4708 ||| BUYING scroll labelled MOILIS ZUBLILE (24 gold).
  4708 | D:6      | Bought a scroll labelled MOILIS ZUBLILE for 24 gold pieces
  4711 | D:6      | 4711 ||| INVOKING Heroism.
  4779 | D:6      | Found Leka's Antique Weapon Shoppe.
  4781 | D:6      | Found Xearoni's General Store.
  4789 | D:6      | 4789 ||| BUYING potion of heal wounds (55 gold).
  4789 | D:6      | Bought a potion of heal wounds for 55 gold pieces
  4789 | D:6      | 4789 ||| SHOPLISTING scroll of acquirement (572 gold, have
                  | 39).
  4789 | D:6      | 4789 ||| SHOPLISTING scroll of enchant armour (82 gold,
                  | have 39).
  4789 | D:6      | 4789 ||| SHOPLISTING scroll of enchant weapon (82 gold,
                  | have 39).
  4856 | D:6      | 4856 ||| INVOKING Heroism.
  4919 | D:6      | Reached skill level 3 in Armour
  4967 | D:6      | 4967 ||| INVOKING Heroism.
  5018 | D:6      | Reached skill level 7 in Fighting
  5147 | D:6      | 5147 ||| UPGRADING to +6 ring of dexterity.
  5148 | D:6      | 5148 ||| READING scroll labelled MOILIS ZUBLILE.
  5149 | D:6      | 5149 ||| READING 2 scrolls of identify.
  5149 | D:6      | 5149 ||| IDENTIFYING smoky pink potion
  5150 | D:6      | 5150 ||| DROPPING wand of flame (13).
  5151 | D:6      | 5151 ||| DROPPING wand of roots (5).
  5180 | D:7      | 5180 ||| STAIRDANCE
  5196 | D:7      | 5196 ||| STAIRDANCE
  5198 | D:6      | 5198 ||| INVOKING Heroism.
  5291 | D:7      | 5291 ||| STAIRDANCE
  5320 | D:7      | 5320 ||| STAIRDANCE
  5332 | D:7      | 5332 ||| STAIRDANCE
  5375 | D:7      | 5375 ||| STAIRDANCE
  5394 | D:7      | 5394 ||| STAIRDANCE
  5405 | D:7      | Reached skill level 3 in Dodging
  5436 | D:7      | 5436 ||| RETREATING.
  5501 | D:7      | Noticed Duvessa
  5502 | D:7      | 5502 ||| INVOKING Heroism.
  5504 | D:7      | Noticed Dowan
  5513 | D:7      | Killed Dowan
  5517 | D:7      | Killed Duvessa
  5551 | D:7      | Noticed Pikel
  5551 | D:7      | 5551 ||| RETREATING.
  5557 | D:7      | 5557 ||| INVOKING Heroism.
  5570 | D:7      | Killed Pikel
  5570 | D:7      | Reached *** piety under Okawaru
  5571 | D:7      | Reached XP level 10. HP: 54/63 MP: 11/13
  5593 | D:7      | 5593 ||| INVOKING Heroism.
  5696 | D:7      | Noticed Menkaure
  5697 | D:7      | 5697 ||| Stepping ~*~*~tactically~*~*~ (outnumbered).
  5712 | D:7      | 5712 ||| INVOKING Heroism.
  5716 | D:7      | Killed Menkaure
  5782 | D:7      | Found a flagged portal.
  5849 | D:7      | Found a stormy altar of Qazlal.
  6080 | D:7      | 6080 ||| READING scroll labelled PETSIO IMERGH.
  6081 | D:7      | 6081 ||| READING 2 scrolls of identify.
  6081 | D:7      | 6081 ||| IDENTIFYING fizzy golden potion
  6082 | D:7      | 6082 ||| DROPPING potion of brilliance.
  6188 | D:8      | Reached skill level 8 in Fighting
  6270 | D:8      | Noticed a two-headed ogre
  6271 | D:8      | 6271 ||| INVOKING Heroism.
  6272 | D:8      | 6272 ||| UPGRADING to +5 ring of evasion.
  6279 | D:8      | Killed a two-headed ogre
  6280 | D:8      | Reached skill level 12 in Ranged Weapons
  6364 | D:8      | Found a shimmering blue altar of Sif Muna.
  6364 | D:8      | Found a sparkling altar of Nemelex Xobeh.
  6454 | D:8      | Found an opulent altar of Gozag.
  6594 | D:8      | Found a burning altar of Makhleb.
  6749 | D:8      | 6749 ||| DROPPING ring of Roehemyneo {AC+4 Int+3}.
  6750 | D:8      | 6750 ||| READING scroll labelled NIDARO WOIJY.
  6817 | D:9      | Found a staircase to the Lair.
  7003 | D:9      | 7003 ||| INVOKING Heroism.
  7373 | D:9      | 7373 ||| Stepping ~*~*~tactically~*~*~ (outnumbered).
  7378 | D:9      | 7378 ||| Stepping ~*~*~tactically~*~*~ (retreating).
  7379 | D:9      | 7379 ||| Stepping ~*~*~tactically~*~*~ (outnumbered).
  7380 | D:9      | 7380 ||| Stepping ~*~*~tactically~*~*~ (outnumbered).
  7382 | D:9      | 7382 ||| INVOKING Heroism.
  7481 | D:9      | Found a hazy altar of Hepliaklqana.
  7951 | D:9      | 7951 ||| PLANNING LAIR
  7951 | D:9      | 7951 ||| UPGRADING to +1 leather armour of willpower.
  7961 | D:9      | 7961 ||| DROPPING +0 ring mail.
  8021 | Lair:1   | Entered Level 1 of the Lair of Beasts
  8041 | Lair:1   | 8041 ||| Stepping ~*~*~tactically~*~*~ (retreating).
  8061 | Lair:1   | Reached **** piety under Okawaru
  8146 | Lair:1   | Identified the +10 quarterstaff of the Wilderness {spect,
                  | rElec rN+ Dex+5}
  8169 | Lair:1   | Reached XP level 11. HP: 68/68 MP: 14/14
  8169 | Lair:1   | 8169 ||| RETREATING.
  8172 | Lair:1   | 8172 ||| Stepping ~*~*~tactically~*~*~ (retreating).
  8200 | Lair:1   | 8200 ||| RETREATING.
  8330 | Lair:1   | You fall into a shaft and drop 1 floor!
  8377 | Lair:2   | 8377 ||| READING 2 scrolls of identify.
  8377 | Lair:2   | 8377 ||| IDENTIFYING amethyst potion
  8378 | Lair:2   | 8378 ||| DROPPING potion of ambrosia.
  8459 | Lair:1   | 8459 ||| INVOKING Heroism.
  8610 | Lair:1   | 8610 ||| INVOKING Heroism.
  8618 | Lair:1   | Reached skill level 6 in Invocations
  8686 | Lair:1   | 8686 ||| INVOKING Heroism.
  8818 | Lair:1   | 8818 ||| INVOKING Heroism.
  9158 | Lair:2   | Reached skill level 9 in Fighting
  9168 | Lair:2   | Found a hole to the Spider Nest.
  9170 | Lair:2   | 9170 ||| RETREATING.
  9200 | Lair:2   | 9200 ||| RETREATING.
  9202 | Lair:2   | 9202 ||| INVOKING Heroism.
  9204 | Lair:2   | 9204 ||| Stepping ~*~*~tactically~*~*~ (retreating).
  9209 | Lair:2   | 9209 ||| Stepping ~*~*~tactically~*~*~ (retreating).
  9210 | Lair:2   | 9210 ||| Stepping ~*~*~tactically~*~*~ (retreating).
  9211 | Lair:2   | 9211 ||| Stepping ~*~*~tactically~*~*~ (retreating).
  9212 | Lair:2   | 9212 ||| Stepping ~*~*~tactically~*~*~ (retreating).
  9213 | Lair:2   | 9213 ||| Stepping ~*~*~tactically~*~*~ (retreating).
  9416 | Lair:2   | 9416 ||| INVOKING Heroism.
  9420 | Lair:2   | 9420 ||| RETREATING.
  9452 | Lair:2   | 9452 ||| INVOKING Heroism.
  9565 | Lair:2   | 9565 ||| RETREATING.
  9567 | Lair:2   | 9567 ||| Stepping ~*~*~tactically~*~*~ (retreating).
  9568 | Lair:2   | 9568 ||| Stepping ~*~*~tactically~*~*~ (retreating).
  9575 | Lair:2   | 9575 ||| INVOKING Heroism.
  9610 | Lair:2   | 9610 ||| INVOKING Heroism.
  9613 | Lair:2   | HP: 12/71 [komodo dragon (11)]
  9614 | Lair:2   | 9614 ||| READING 3 scrolls of teleportation.
  9614 | Lair:2   | HP: 5/71 [komodo dragon (7)]
  9615 | Lair:2   | 9615 ||| DRINKING 2 potions of heal wounds.
  9616 | Lair:2   | 9616 ||| DRINKING potion of heal wounds.
  9742 | Lair:2   | 9742 ||| INVOKING Heroism.
  9829 | Lair:2   | Noticed a harpy
  9840 | Lair:2   | Killed a harpy
  9854 | Lair:2   | Noticed a harpy
  9860 | Lair:2   | Killed a harpy
  9860 | Lair:2   | Reached ***** piety under Okawaru
  9861 | Lair:2   | Reached XP level 12. HP: 59/76 MP: 18/18
  9866 | Lair:2   | Noticed a catoblepas
  9867 | Lair:2   | 9867 ||| INVOKING Heroism.
  9881 | Lair:2   | 9881 ||| INVOKING Finesse.
  9894 | Lair:2   | Killed a catoblepas
  9895 | Lair:2   | Reached skill level 9 in Invocations
  9936 | Lair:2   | Found a staircase to the Shoals.
 10003 | Lair:2   | Found the +5 Lochaber axe {reach-cleave, Poleaxe Drain}
 10120 | Lair:2   | 10120 ||| INVOKING Heroism.
 10144 | Lair:2   | 10144 ||| RETREATING.
 10150 | Lair:2   | 10150 ||| INVOKING Heroism.
 10151 | Lair:2   | 10151 ||| Stepping ~*~*~tactically~*~*~ (retreating).
 10152 | Lair:2   | 10152 ||| Stepping ~*~*~tactically~*~*~ (retreating).
 10153 | Lair:2   | 10153 ||| Stepping ~*~*~tactically~*~*~ (retreating).
 10153 | Lair:2   | Noticed a boulder beetle
 10154 | Lair:2   | 10154 ||| Stepping ~*~*~tactically~*~*~ (retreating).
 10155 | Lair:2   | 10155 ||| Stepping ~*~*~tactically~*~*~ (retreating).
 10190 | Lair:2   | Killed a boulder beetle
 10202 | Lair:2   | 10202 ||| INVOKING Heroism.
 10205 | Lair:2   | Reached skill level 10 in Fighting
 10361 | Lair:2   | 10361 ||| INVOKING Heroism.
 10590 | Lair:2   | 10590 ||| INVOKING Heroism.
 10736 | Lair:2   | 10736 ||| READING scroll labelled WUBUWU VOWUUN.
 10748 | Lair:2   | Noticed an eight-headed hydra
 10749 | Lair:2   | 10749 ||| INVOKING Heroism.
 10754 | Lair:2   | Killed an eight-headed hydra
 10807 | Lair:2   | 10807 ||| INVOKING Heroism.
 10834 | Lair:2   | Reached skill level 6 in Dodging
 10884 | Lair:3   | Found a transporter.
 10886 | Lair:3   | Identified the +6 spear of Nemelex Xobeh's Esteem {freeze,
                  | rN++ Will+}
 10895 | Lair:3   | Found a transporter.
 11021 | Lair:3   | Noticed a skyshark
 11031 | Lair:3   | Killed a skyshark
 11109 | Lair:3   | 11109 ||| INVOKING Heroism.
 11232 | Lair:3   | 11232 ||| INVOKING Heroism.
 11235 | Lair:3   | 11235 ||| RETREATING.
 11243 | Lair:3   | Noticed an eight-headed hydra
 11249 | Lair:3   | Killed an eight-headed hydra
 11254 | Lair:3   | Reached skill level 15 in Ranged Weapons
 11387 | Lair:3   | 11387 ||| READING 5 scrolls of identify.
 11387 | Lair:3   | 11387 ||| IDENTIFYING bubbling pink potion
 11388 | Lair:3   | 11388 ||| READING 4 scrolls of identify.
 11388 | Lair:3   | 11388 ||| IDENTIFYING smoky yellow potion
 11389 | Lair:3   | 11389 ||| DROPPING potion of berserk rage.
 11433 | Lair:3   | 11433 ||| INVOKING Heroism.
 11435 | Lair:3   | Received a gift from Okawaru
 11479 | Lair:3   | 11479 ||| INVOKING Heroism.
 11485 | Lair:3   | 11485 ||| RETREATING.
 11486 | Lair:3   | 11486 ||| Stepping ~*~*~tactically~*~*~ (retreating).
 11488 | Lair:3   | 11488 ||| Stepping ~*~*~tactically~*~*~ (retreating).
 11500 | Lair:3   | Reached XP level 13. HP: 82/82 MP: 20/20
 11775 | Lair:3   | Noticed a rakshasa
 11794 | Lair:3   | Found a one-way gate to the infinite horrors of the Abyss.
 11794 | Lair:3   | Noticed qw's ghost (journeyman MiHs)
 12069 | Lair:3   | 12069 ||| READING scroll labelled TIWEUJ NOSTUT.
 12144 | Lair:4   | 12144 ||| Stepping ~*~*~tactically~*~*~ (retreating).
 12145 | Lair:4   | 12145 ||| Stepping ~*~*~tactically~*~*~ (retreating).
 12146 | Lair:4   | 12146 ||| Stepping ~*~*~tactically~*~*~ (retreating).
 12147 | Lair:4   | 12147 ||| Stepping ~*~*~tactically~*~*~ (retreating).
 12149 | Lair:4   | 12149 ||| Stepping ~*~*~tactically~*~*~ (retreating).
 12150 | Lair:4   | 12150 ||| Stepping ~*~*~tactically~*~*~ (retreating).
 12151 | Lair:4   | 12151 ||| Stepping ~*~*~tactically~*~*~ (retreating).
 12152 | Lair:4   | 12152 ||| Stepping ~*~*~tactically~*~*~ (retreating).
 12153 | Lair:4   | 12153 ||| Stepping ~*~*~tactically~*~*~ (retreating).
 12260 | Lair:4   | 12260 ||| INVOKING Heroism.
 12264 | Lair:4   | 12264 ||| RETREATING.
 12268 | Lair:4   | 12268 ||| Stepping ~*~*~tactically~*~*~ (retreating).
 12269 | Lair:4   | 12269 ||| Stepping ~*~*~tactically~*~*~ (retreating).
 12270 | Lair:4   | 12270 ||| Stepping ~*~*~tactically~*~*~ (retreating).
 12271 | Lair:4   | 12271 ||| Stepping ~*~*~tactically~*~*~ (retreating).
 12273 | Lair:4   | 12273 ||| Stepping ~*~*~tactically~*~*~ (retreating).
 12274 | Lair:4   | 12274 ||| Stepping ~*~*~tactically~*~*~ (retreating).
 12281 | Lair:4   | 12281 ||| Stepping ~*~*~tactically~*~*~ (retreating).
 12289 | Lair:4   | 12289 ||| INVOKING Heroism.
 12397 | Lair:4   | Reached skill level 11 in Fighting
 12399 | Lair:4   | Identified the +7 longbow of Pagoroub {drain, Will- Str+4
                  | Int+3 Dex+2}
 12401 | Lair:4   | 12401 ||| SWAPPING to +7 longbow of Pagoroub {drain, Will-
                  | Str+4 Int+3 Dex+2}.
 12402 | Lair:4   | 12402 ||| DROPPING +0 heavy orcbow.
 12448 | Lair:4   | 12448 ||| RETREATING.
 12474 | Lair:4   | 12474 ||| RETREATING.
 12478 | Lair:4   | 12478 ||| INVOKING Heroism.
 12479 | Lair:4   | 12479 ||| INVOKING Finesse.
 12487 | Lair:4   | 12487 ||| Stepping ~*~*~tactically~*~*~ (retreating).
 12567 | Lair:4   | Noticed Rupert
 12568 | Lair:4   | 12568 ||| INVOKING Heroism.
 12577 | Lair:4   | Killed Rupert
 12607 | Lair:4   | 12607 ||| Stepping ~*~*~tactically~*~*~ (water).
 12609 | Lair:4   | 12609 ||| Stepping ~*~*~tactically~*~*~ (water).
 12611 | Lair:4   | 12611 ||| Stepping ~*~*~tactically~*~*~ (water).
 12613 | Lair:4   | 12613 ||| Stepping ~*~*~tactically~*~*~ (water).
 12615 | Lair:4   | 12615 ||| Stepping ~*~*~tactically~*~*~ (water).
 12641 | Lair:4   | 12641 ||| Stepping ~*~*~tactically~*~*~ (water).
 12929 | Lair:4   | 12929 ||| UPGRADING to amulet of the acrobat.
 12944 | Lair:5   | Entered Level 5 of the Lair of Beasts
 12945 | Lair:5   | 12945 ||| INVOKING Heroism.
 12946 | Lair:5   | 12946 ||| STAIRDANCE
 12988 | Lair:5   | 12988 ||| STAIRDANCE
 12990 | Lair:4   | 12990 ||| INVOKING Heroism.
 13030 | Lair:5   | 13030 ||| STAIRDANCE
 13068 | Lair:5   | 13068 ||| INVOKING Heroism.
 13069 | Lair:5   | 13069 ||| STAIRDANCE
 13091 | Lair:5   | 13091 ||| STAIRDANCE
 13093 | Lair:4   | 13093 ||| INVOKING Heroism.
 13179 | Lair:5   | 13179 ||| Stepping ~*~*~tactically~*~*~ (retreating).
 13233 | Lair:5   | 13233 ||| Stepping ~*~*~tactically~*~*~ (retreating).
 13307 | Lair:5   | 13307 ||| RETREATING.
 13362 | Lair:5   | 13362 ||| RETREATING.
 13367 | Lair:5   | 13367 ||| INVOKING Heroism.
 13376 | Lair:5   | Identified the +13 crystal plate armour of Hopscotch {rN+}
                  | (Okawaru gifted it to you on level 5 of the Lair of Beasts)
 13376 | Lair:5   | Received a gift from Okawaru
 13383 | Lair:5   | Gained mutation: Your large and strong wings let you fly.
                  | [Gargoyle growth]
 13383 | Lair:5   | Reached XP level 14. HP: 90/90 MP: 21/21
 13403 | Lair:5   | Found a runed translucent door.
 13404 | Lair:5   | Found a viscous altar of Jiyva.
 13498 | Lair:5   | 13498 ||| RETREATING.
 13499 | Lair:5   | 13499 ||| Stepping ~*~*~tactically~*~*~ (retreating).
 13631 | Lair:5   | 13631 ||| INVOKING Heroism.
 13632 | Lair:5   | 13632 ||| INVOKING Finesse.
 13704 | Lair:5   | 13704 ||| INVOKING Heroism.
 13705 | Lair:5   | 13705 ||| INVOKING Finesse.
 13762 | Lair:5   | 13762 ||| INVOKING Heroism.
 13763 | Lair:5   | 13763 ||| RETREATING.
 13764 | Lair:5   | 13764 ||| INVOKING Finesse.
 13774 | Lair:5   | Reached skill level 18 in Ranged Weapons
 13850 | Lair:5   | 13850 ||| RETREATING.
 13859 | Lair:5   | 13859 ||| Stepping ~*~*~tactically~*~*~ (retreating).
 13860 | Lair:5   | 13860 ||| Stepping ~*~*~tactically~*~*~ (retreating).
 13861 | Lair:5   | 13861 ||| Stepping ~*~*~tactically~*~*~ (retreating).
 13863 | Lair:5   | 13863 ||| Stepping ~*~*~tactically~*~*~ (retreating).
 13864 | Lair:5   | 13864 ||| Stepping ~*~*~tactically~*~*~ (retreating).
 13942 | Lair:5   | 13942 ||| RETREATING.
 13947 | Lair:5   | 13947 ||| Stepping ~*~*~tactically~*~*~ (retreating).
 13951 | Lair:5   | 13951 ||| Stepping ~*~*~tactically~*~*~ (retreating).
 13952 | Lair:5   | 13952 ||| Stepping ~*~*~tactically~*~*~ (retreating).
 13964 | Lair:5   | 13964 ||| Stepping ~*~*~tactically~*~*~ (retreating).
 13969 | Lair:5   | 13969 ||| INVOKING Heroism.
 13984 | Lair:5   | Reached skill level 12 in Fighting
 14216 | Lair:5   | 14216 ||| INVOKING Heroism.
 14217 | Lair:5   | 14217 ||| INVOKING Finesse.
 14395 | Lair:5   | 14395 ||| INVOKING Heroism.
 14399 | Lair:5   | 14399 ||| RETREATING.
 14411 | Lair:5   | 14411 ||| Stepping ~*~*~tactically~*~*~ (retreating).
 14412 | Lair:5   | 14412 ||| Stepping ~*~*~tactically~*~*~ (retreating).
 14413 | Lair:5   | 14413 ||| Stepping ~*~*~tactically~*~*~ (retreating).
 14414 | Lair:5   | 14414 ||| Stepping ~*~*~tactically~*~*~ (retreating).
 14425 | Lair:5   | 14425 ||| INVOKING Heroism.
 14562 | Lair:5   | 14562 ||| INVOKING Heroism.
 14677 | Lair:5   | Found a staircase to the Slime Pits.
 14678 | Lair:5   | 14678 ||| PLANNING D:1-11
 14769 | D:10     | Entered Level 10 of the Dungeon
 14929 | D:10     | Identified the -1 helmet of the Locust {Str+3 Dex+5}
 14952 | D:10     | 14952 ||| Stepping ~*~*~tactically~*~*~ (outnumbered).
 14954 | D:10     | 14954 ||| Stepping ~*~*~tactically~*~*~ (outnumbered).
 14956 | D:10     | 14956 ||| RETREATING.
 14958 | D:10     | 14958 ||| INVOKING Heroism.
 15060 | D:10     | 15060 ||| INVOKING Heroism.
 15532 | D:10     | 15532 ||| UPGRADING to -1 helmet of the Locust {Str+3
                  | Dex+5}.
 15542 | D:10     | 15542 ||| DROPPING +1 hat.
 15543 | D:10     | 15543 ||| READING 4 scrolls of identify.
 15543 | D:10     | 15543 ||| IDENTIFYING white potion
 15606 | D:11     | 15606 ||| INVOKING Heroism.
 15643 | D:11     | Found a shadowy altar of Dithmenos.
 15646 | D:11     | 15646 ||| Stepping randomly (disturbance).
 15771 | D:11     | 15771 ||| Stepping randomly (disturbance).
 15772 | D:11     | 15772 ||| Stepping randomly (disturbance).
 15773 | D:11     | 15773 ||| Stepping randomly (disturbance).
 15774 | D:11     | 15774 ||| Stepping randomly (disturbance).
 15775 | D:11     | 15775 ||| Stepping randomly (disturbance).
 15783 | D:11     | 15783 ||| Stepping randomly (disturbance).
 15784 | D:11     | 15784 ||| Stepping randomly (disturbance).
 15785 | D:11     | 15785 ||| Stepping randomly (disturbance).
 15788 | D:11     | 15788 ||| Stepping randomly (disturbance).
 15789 | D:11     | 15789 ||| Stepping randomly (disturbance).
 15790 | D:11     | 15790 ||| Stepping randomly (disturbance).
 15792 | D:11     | 15792 ||| Stepping randomly (disturbance).
 15793 | D:11     | 15793 ||| Stepping randomly (disturbance).
 15801 | D:11     | 15801 ||| Stepping randomly (disturbance).
 15802 | D:11     | 15802 ||| Stepping randomly (disturbance).
 15822 | D:11     | 15822 ||| Stepping randomly (disturbance).
 15823 | D:11     | 15823 ||| Stepping randomly (disturbance).
 15995 | D:11     | 15995 ||| PLANNING D
 15995 | D:11     | 15995 ||| DRINKING 2 puce potions.
 15996 | D:11     | 15996 ||| DROPPING potion of invisibility.
 16064 | D:12     | Reached skill level 9 in Dodging
 16243 | D:12     | 16243 ||| RETREATING.
 16245 | D:12     | 16245 ||| INVOKING Heroism.
 16246 | D:12     | 16246 ||| READING 3 scrolls of teleportation.
 16248 | D:12     | 16248 ||| Stepping ~*~*~tactically~*~*~ (retreating).
 16351 | D:12     | Found a sacrificial altar of Ru.
 16710 | D:12     | Reached XP level 15. HP: 74/96 MP: 22/22
 16923 | D:12     | Found a staircase to the Orcish Mines.
 16950 | D:12     | 16950 ||| Stepping ~*~*~tactically~*~*~ (outnumbered).
 16957 | D:12     | 16957 ||| Stepping ~*~*~tactically~*~*~ (outnumbered).
 17005 | D:12     | 17005 ||| INVOKING Heroism.
 17139 | D:12     | 17139 ||| DROPPING +6 ring of intelligence.
 17140 | D:12     | 17140 ||| READING 6 scrolls of identify.
 17140 | D:12     | 17140 ||| IDENTIFYING coppery potion
 17308 | D:13     | Received a gift from Okawaru
 17485 | D:13     | You are sucked into a shaft and drop 1 floor!
 17669 | D:14     | 17669 ||| DROPPING +6 ring of strength.
 17773 | D:13     | Identified the +0 pair of gloves of Jiketo {MP-9 Int+4}
 17840 | D:13     | 17840 ||| DROPPING +0 pair of gloves of Jiketo {MP-9
                  | Int+4}.
 17870 | D:14     | Noticed Urug
 17870 | D:14     | Found a gate to the Vaults.
 17871 | D:14     | 17871 ||| STAIRDANCE
 17890 | D:14     | 17890 ||| STAIRDANCE
 17897 | D:13     | 17897 ||| Stepping ~*~*~tactically~*~*~ (retreating).
 17898 | D:13     | 17898 ||| Stepping ~*~*~tactically~*~*~ (retreating).
 17904 | D:13     | 17904 ||| Stepping ~*~*~tactically~*~*~ (retreating).
 17924 | D:14     | 17924 ||| STAIRDANCE
 17928 | D:13     | 17928 ||| Stepping ~*~*~tactically~*~*~ (retreating).
 17989 | D:14     | 17989 ||| INVOKING Heroism.
 17990 | D:14     | 17990 ||| STAIRDANCE
 17992 | D:13     | 17992 ||| INVOKING Finesse.
 17995 | D:13     | Killed Urug
 18112 | D:14     | 18112 ||| Stepping ~*~*~tactically~*~*~ (outnumbered).
 18116 | D:14     | 18116 ||| Stepping ~*~*~tactically~*~*~ (outnumbered).
 18120 | D:14     | 18120 ||| INVOKING Heroism.
 18121 | D:14     | 18121 ||| Stepping ~*~*~tactically~*~*~ (outnumbered).
 18806 | D:15     | Entered Level 15 of the Dungeon
 18872 | D:15     | Reached skill level 13 in Fighting
 19044 | D:15     | Found a staircase to the Depths.
 19045 | D:15     | 19045 ||| INVOKING Heroism.
 19048 | D:15     | 19048 ||| RETREATING.
 19054 | D:15     | 19054 ||| Stepping ~*~*~tactically~*~*~ (outnumbered).
 19055 | D:15     | 19055 ||| Stepping ~*~*~tactically~*~*~ (outnumbered).
 19363 | D:15     | 19363 ||| INVOKING Heroism.
 19430 | D:15     | Found Hieroust's Magic Scroll Shop.
 19434 | D:15     | 19434 ||| BUYING scroll of teleportation (45 gold).
 19434 | D:15     | Bought a scroll of teleportation for 45 gold pieces
 19537 | D:15     | Noticed Jorgrun
 19538 | D:15     | 19538 ||| INVOKING Heroism.
 19539 | D:15     | 19539 ||| INVOKING Finesse.
 19544 | D:15     | 19544 ||| RETREATING.
 19546 | D:15     | 19546 ||| RETREATING.
 19549 | D:15     | Killed Jorgrun
 19723 | D:15     | 19723 ||| PLANNING ORC
 19844 | Orc:1    | Entered Level 1 of the Orcish Mines
 19848 | Orc:1    | 19848 ||| STAIRDANCE
 19899 | Orc:1    | 19899 ||| STAIRDANCE
 19988 | Orc:2    | Entered Level 2 of the Orcish Mines
 20207 | Orc:1    | Found a dark tunnel.
 20230 | Orc:1    | Found Ydoifoh's Jewellery Shoppe.
 20604 | Orc:2    | 20604 ||| INVOKING Heroism.
 20605 | Orc:2    | 20605 ||| Stepping ~*~*~tactically~*~*~ (outnumbered).
 20618 | Orc:2    | Noticed an orc warlord
 20619 | Orc:2    | 20619 ||| INVOKING Finesse.
 20621 | Orc:2    | 20621 ||| RETREATING.
 20627 | Orc:2    | Killed an orc warlord
 20627 | Orc:2    | Received a gift from Okawaru
 20658 | Orc:2    | Reached skill level 6 in Armour
 20675 | Orc:2    | Noticed Blork the orc
 20680 | Orc:2    | Killed Blork the orc
 20685 | Orc:2    | 20685 ||| INVOKING Heroism.
 20698 | Orc:2    | 20698 ||| Stepping ~*~*~tactically~*~*~ (retreating).
 20699 | Orc:2    | 20699 ||| Stepping ~*~*~tactically~*~*~ (retreating).
 20700 | Orc:2    | 20700 ||| Stepping ~*~*~tactically~*~*~ (retreating).
 20701 | Orc:2    | 20701 ||| Stepping ~*~*~tactically~*~*~ (retreating).
 20703 | Orc:2    | 20703 ||| Stepping ~*~*~tactically~*~*~ (retreating).
 20740 | Orc:2    | Found Mefriufo's Antique Armour Shop.
 20781 | Orc:2    | Found Wemara's Jewellery Shop.
 20788 | Orc:2    | 20788 ||| BUYING amulet of reflection (360 gold).
 20788 | Orc:2    | Bought an amulet of reflection for 360 gold pieces
 20805 | Orc:2    | 20805 ||| BUYING brightly glowing cloak (275 gold).
 20805 | Orc:2    | Bought a brightly glowing cloak for 275 gold pieces
 20805 | Orc:2    | Identified the +2 cloak of the Doldrums {Rampage Str-3
                  | Dex+3 Slay+3} (You bought it in a shop on level 2 of the
                  | Orcish Mines)
 20817 | Orc:2    | Found Kokha's General Store.
 20824 | Orc:2    | 20824 ||| BUYING potion of cancellation (136 gold).
 20824 | Orc:2    | Bought a potion of cancellation for 136 gold pieces
 20824 | Orc:2    | 20824 ||| BUYING potion of enlightenment (85 gold).
 20824 | Orc:2    | Bought a potion of enlightenment for 85 gold pieces
 20975 | Orc:2    | Found Odurydd's Antique Weapon Shop.
 21026 | Orc:2    | Found a staircase to the Elven Halls.
 21036 | Orc:2    | Found Nimuuled's General Store.
 21043 | Orc:2    | 21043 ||| BUYING +0 leather armour of Maoniustra {Rampage
                  | rN+ Int-2 Slay+6} (513 gold).
 21043 | Orc:2    | Bought the +0 leather armour of Maoniustra {Rampage rN+
                  | Int-2 Slay+6} for 513 gold pieces
 21163 | Orc:2    | 21163 ||| INVOKING Heroism.
 21389 | Orc:2    | 21389 ||| PLANNING SPIDER:1-3
 21389 | Orc:2    | 21389 ||| DROPPING +1 robe of fire resistance.
 21390 | Orc:2    | 21390 ||| DROPPING +0 cloak.
 21391 | Orc:2    | 21391 ||| UPGRADING to +2 cloak of the Doldrums {Rampage
                  | Str-3 Dex+3 Slay+3}.
 21401 | Orc:2    | 21401 ||| DROPPING scarf "Baduk" {shadows, rF+ Int+5}.
 21402 | Orc:2    | 21402 ||| UPGRADING to +0 leather armour of Maoniustra
                  | {Rampage rN+ Int-2 Slay+6}.
 21412 | Orc:2    | 21412 ||| DROPPING +1 leather armour of willpower.
 21413 | Orc:2    | 21413 ||| UPGRADING to amulet of reflection.
 21423 | Orc:2    | 21423 ||| DROPPING amulet of the acrobat.
 21646 | Spider:1 | Entered Level 1 of the Spider Nest
 21647 | Spider:1 | 21647 ||| RETREATING.
 21649 | Spider:1 | 21649 ||| Stepping ~*~*~tactically~*~*~ (retreating).
 21650 | Spider:1 | 21650 ||| Stepping ~*~*~tactically~*~*~ (retreating).
 21738 | Spider:1 | Reached XP level 16. HP: 104/104 MP: 23/23
 21763 | Spider:1 | 21763 ||| INVOKING Finesse.
 21770 | Spider:1 | 21770 ||| INVOKING Heroism.
 21774 | Spider:1 | 21774 ||| RETREATING.
 21785 | Spider:1 | 21785 ||| Stepping ~*~*~tactically~*~*~ (outnumbered).
 21830 | Spider:1 | 21830 ||| FLEEEEING.
 21831 | Spider:1 | 21831 ||| FLEEEEING.
 21834 | Spider:1 | 21834 ||| FLEEEEING.
 21835 | Spider:1 | 21835 ||| FLEEEEING.
 21836 | Spider:1 | 21836 ||| FLEEEEING.
 21838 | Spider:1 | 21838 ||| FLEEEEING.
 21844 | Spider:1 | 21844 ||| FLEEEEING.
 21845 | Spider:1 | 21845 ||| FLEEEEING.
 21846 | Spider:1 | 21846 ||| FLEEEEING.
 21847 | Spider:1 | 21847 ||| FLEEEEING.
 21852 | Spider:1 | 21852 ||| FLEEEEING.
 21869 | Spider:1 | 21869 ||| READING scroll of enchant armour.
 21869 | Spider:1 | 21869 ||| ENCHANTING +0 pair of gloves.
 21888 | Spider:1 | 21888 ||| RETREATING.
 21890 | Spider:1 | 21890 ||| INVOKING Finesse.
 21893 | Spider:1 | 21893 ||| Stepping ~*~*~tactically~*~*~ (outnumbered).
 21984 | Spider:1 | Noticed Kirke
 21985 | Spider:1 | 21985 ||| INVOKING Heroism.
 21986 | Spider:1 | 21986 ||| RETREATING.
 21990 | Spider:1 | 21990 ||| Stepping ~*~*~tactically~*~*~ (retreating).
 21991 | Spider:1 | 21991 ||| Stepping ~*~*~tactically~*~*~ (retreating).
 21992 | Spider:1 | 21992 ||| Stepping ~*~*~tactically~*~*~ (retreating).
 21993 | Spider:1 | 21993 ||| Stepping ~*~*~tactically~*~*~ (retreating).
 22009 | Spider:1 | 22009 ||| INVOKING Finesse.
 22010 | Spider:1 | 22010 ||| DRINKING 5 potions of cancellation.
 22016 | Spider:1 | Killed Kirke
 22017 | Spider:1 | Reached skill level 14 in Fighting
 22361 | Spider:2 | 22361 ||| Stepping ~*~*~tactically~*~*~ (retreating).
 22362 | Spider:2 | 22362 ||| INVOKING Heroism.
 22364 | Spider:2 | 22364 ||| Stepping ~*~*~tactically~*~*~ (retreating).
 22365 | Spider:2 | 22365 ||| Stepping ~*~*~tactically~*~*~ (retreating).
 22366 | Spider:2 | 22366 ||| Stepping ~*~*~tactically~*~*~ (retreating).
 22367 | Spider:2 | 22367 ||| Stepping ~*~*~tactically~*~*~ (retreating).
 22368 | Spider:2 | 22368 ||| Stepping ~*~*~tactically~*~*~ (retreating).
 22369 | Spider:2 | 22369 ||| Stepping ~*~*~tactically~*~*~ (retreating).
 22373 | Spider:2 | 22373 ||| Stepping ~*~*~tactically~*~*~ (retreating).
 22376 | Spider:2 | 22376 ||| Stepping ~*~*~tactically~*~*~ (retreating).
 22437 | Spider:2 | 22437 ||| RETREATING.
 22441 | Spider:2 | 22441 ||| INVOKING Finesse.
 22443 | Spider:2 | 22443 ||| Stepping ~*~*~tactically~*~*~ (retreating).
 22521 | Spider:2 | 22521 ||| INVOKING Heroism.
 22532 | Spider:2 | Reached skill level 12 in Dodging
 22624 | Spider:2 | 22624 ||| RETREATING.
 22625 | Spider:2 | 22625 ||| Stepping ~*~*~tactically~*~*~ (retreating).
 22626 | Spider:2 | 22626 ||| Stepping ~*~*~tactically~*~*~ (retreating).
 22627 | Spider:2 | 22627 ||| Stepping ~*~*~tactically~*~*~ (retreating).
 22633 | Spider:2 | 22633 ||| Stepping ~*~*~tactically~*~*~ (outnumbered).
 22635 | Spider:2 | 22635 ||| Stepping ~*~*~tactically~*~*~ (retreating).
 22636 | Spider:2 | Identified the +1 plate armour of Responsibility {Int+6}
                  | (Okawaru gifted it to you on level 2 of the Spider Nest)
 22636 | Spider:2 | Received a gift from Okawaru
 22777 | Spider:2 | Identified the +5 ring mail of Kesa Pih {Int-2 Dex+3 Slay+2
                  | SInv}
 22799 | Spider:2 | 22799 ||| INVOKING Finesse.
 22800 | Spider:2 | 22800 ||| RETREATING.
 22801 | Spider:2 | 22801 ||| Stepping ~*~*~tactically~*~*~ (retreating).
 22802 | Spider:2 | 22802 ||| Stepping ~*~*~tactically~*~*~ (retreating).
 22804 | Spider:2 | 22804 ||| Stepping ~*~*~tactically~*~*~ (retreating).
 22812 | Spider:2 | Reached skill level 15 in Fighting
 22840 | Spider:2 | 22840 ||| RETREATING.
 22898 | Spider:2 | 22898 ||| Stepping ~*~*~tactically~*~*~ (retreating).
 22903 | Spider:2 | 22903 ||| Stepping ~*~*~tactically~*~*~ (retreating).
 22992 | Spider:2 | Noticed Arachne
 22993 | Spider:2 | 22993 ||| INVOKING Heroism.
 22995 | Spider:2 | 22995 ||| INVOKING Finesse.
 23006 | Spider:2 | Killed Arachne
 23156 | Spider:2 | Reached XP level 17. HP: 114/114 MP: 24/24
 23224 | Spider:2 | 23224 ||| RETREATING.
 23227 | Spider:2 | 23227 ||| Stepping ~*~*~tactically~*~*~ (retreating).
 23228 | Spider:2 | 23228 ||| Stepping ~*~*~tactically~*~*~ (retreating).
 23229 | Spider:2 | 23229 ||| Stepping ~*~*~tactically~*~*~ (retreating).
 23239 | Spider:2 | 23239 ||| DRINKING 7 potions of curing.
 23239 | Spider:2 | 23239 ||| (to cure confusion)
 23303 | Spider:2 | 23303 ||| FLEEEEING.
 23304 | Spider:2 | 23304 ||| FLEEEEING.
 23305 | Spider:2 | 23305 ||| FLEEEEING.
 23309 | Spider:2 | Reached skill level 16 in Fighting
 23348 | Spider:2 | 23348 ||| DROPPING +2 leather armour of cold resistance.
 23349 | Spider:2 | 23349 ||| UPGRADING to +5 ring mail of Kesa Pih {Int-2
                  | Dex+3 Slay+2 SInv}.
 23359 | Spider:2 | 23359 ||| DROPPING +0 leather armour of Maoniustra {Rampage
                  | rN+ Int-2 Slay+6}.
 23522 | Spider:3 | 23522 ||| INVOKING Finesse.
 23528 | Spider:3 | Reached skill level 9 in Armour
 23575 | Spider:3 | 23575 ||| READING scroll of enchant armour.
 23575 | Spider:3 | 23575 ||| ENCHANTING +1 pair of gloves.
 23577 | Spider:3 | 23577 ||| INVOKING Finesse.
 23581 | Spider:3 | 23581 ||| RETREATING.
 23626 | Spider:3 | 23626 ||| FLEEEEING.
 23627 | Spider:3 | 23627 ||| FLEEEEING.
 23628 | Spider:3 | 23628 ||| FLEEEEING.
 23635 | Spider:3 | 23635 ||| INVOKING Heroism.
 23683 | Spider:3 | 23683 ||| INVOKING Heroism.
 23695 | Spider:3 | 23695 ||| INVOKING Finesse.
 23770 | Spider:3 | 23770 ||| INVOKING Finesse.
 23777 | Spider:3 | 23777 ||| Stepping ~*~*~tactically~*~*~ (outnumbered).
 23893 | Spider:3 | 23893 ||| INVOKING Finesse.
 23932 | Spider:3 | 23932 ||| READING 2 scrolls of enchant armour.
 23932 | Spider:3 | 23932 ||| ENCHANTING +1 pair of boots.
 24240 | Spider:3 | 24240 ||| PLANNING SHOALS:1-3
 24377 | Shoals:1 | Entered Level 1 of the Shoals
 24432 | Shoals:1 | Found a transporter.
 24432 | Shoals:1 | Noticed qw's ghost (journeyman MiHs)
 24578 | Shoals:1 | 24578 ||| Stepping ~*~*~tactically~*~*~ (outnumbered).
 24580 | Shoals:1 | 24580 ||| RETREATING.
 24834 | Shoals:1 | 24834 ||| Stepping ~*~*~tactically~*~*~ (outnumbered).
 24839 | Shoals:1 | 24839 ||| RETREATING.
 24840 | Shoals:1 | 24840 ||| Stepping ~*~*~tactically~*~*~ (outnumbered).
 24841 | Shoals:1 | 24841 ||| Stepping ~*~*~tactically~*~*~ (outnumbered).
 24843 | Shoals:1 | 24843 ||| Stepping ~*~*~tactically~*~*~ (retreating).
 24844 | Shoals:1 | 24844 ||| Stepping ~*~*~tactically~*~*~ (retreating).
 24845 | Shoals:1 | 24845 ||| Stepping ~*~*~tactically~*~*~ (retreating).
 24846 | Shoals:1 | 24846 ||| Stepping ~*~*~tactically~*~*~ (retreating).
 24847 | Shoals:1 | 24847 ||| Stepping ~*~*~tactically~*~*~ (retreating).
 24848 | Shoals:1 | 24848 ||| Stepping ~*~*~tactically~*~*~ (retreating).
 24849 | Shoals:1 | 24849 ||| Stepping ~*~*~tactically~*~*~ (outnumbered).
 24850 | Shoals:1 | 24850 ||| Stepping ~*~*~tactically~*~*~ (outnumbered).
 24851 | Shoals:1 | 24851 ||| Stepping ~*~*~tactically~*~*~ (outnumbered).
 24852 | Shoals:1 | 24852 ||| INVOKING Heroism.
 25111 | Shoals:1 | Found a transporter.
 25148 | Shoals:1 | 25148 ||| DROPPING ring of positive energy.
 25213 | Shoals:2 | Identified the +9 triple sword of the Shining Light {venom,
                  | MP-9 Str+2 Int+8}
 25596 | Shoals:2 | 25596 ||| INVOKING Heroism.
 25701 | Shoals:2 | 25701 ||| INVOKING Heroism.
 25702 | Shoals:2 | 25702 ||| INVOKING Finesse.
 25827 | Shoals:3 | Noticed Bai Suzhen
 25828 | Shoals:3 | 25828 ||| INVOKING Heroism.
 25830 | Shoals:3 | 25830 ||| RETREATING.
 25848 | Shoals:3 | 25848 ||| Stepping ~*~*~tactically~*~*~ (retreating).
 25872 | Shoals:3 | 25872 ||| INVOKING Heroism.
 25874 | Shoals:3 | Killed Bai Suzhen
 25875 | Shoals:3 | Reached skill level 17 in Fighting
 25979 | Shoals:3 | 25979 ||| Stepping ~*~*~tactically~*~*~ (outnumbered).
 25981 | Shoals:3 | 25981 ||| Stepping ~*~*~tactically~*~*~ (retreating).
 25983 | Shoals:3 | 25983 ||| RETREATING.
 25985 | Shoals:3 | 25985 ||| RETREATING.
 25990 | Shoals:3 | 25990 ||| Stepping ~*~*~tactically~*~*~ (outnumbered).
 26003 | Shoals:3 | 26003 ||| INVOKING Heroism.
 26008 | Shoals:3 | 26008 ||| RETREATING.
 26009 | Shoals:3 | 26009 ||| Stepping ~*~*~tactically~*~*~ (retreating).
 26010 | Shoals:3 | 26010 ||| Stepping ~*~*~tactically~*~*~ (retreating).
 26014 | Shoals:3 | 26014 ||| Stepping ~*~*~tactically~*~*~ (retreating).
 26016 | Shoals:3 | Noticed Mara
 26017 | Shoals:3 | 26017 ||| INVOKING Finesse.
 26046 | Shoals:3 | 26046 ||| Stepping ~*~*~tactically~*~*~ (retreating).
 26048 | Shoals:3 | Reached XP level 18. HP: 69/124 MP: 21/25
 26048 | Shoals:3 | 26048 ||| Stepping ~*~*~tactically~*~*~ (retreating).
 26082 | Shoals:3 | Killed Mara
 26082 | Shoals:3 | Received a gift from Okawaru
 26088 | Shoals:3 | Reached skill level 18 in Fighting
 26090 | Shoals:3 | 26090 ||| DRINKING 6 potions of curing.
 26090 | Shoals:3 | 26090 ||| (to cure confusion)
 26093 | Shoals:3 | 26093 ||| DRINKING 5 potions of curing.
 26093 | Shoals:3 | 26093 ||| (to cure confusion)
 26102 | Shoals:3 | 26102 ||| INVOKING Heroism.
 26106 | Shoals:3 | 26106 ||| DRINKING 4 potions of curing.
 26106 | Shoals:3 | 26106 ||| (to cure confusion)
 26112 | Shoals:3 | 26112 ||| DRINKING 3 potions of curing.
 26112 | Shoals:3 | 26112 ||| (to cure confusion)
 26116 | Shoals:3 | 26116 ||| INVOKING Heroism.
 26119 | Shoals:3 | 26119 ||| Stepping ~*~*~tactically~*~*~ (retreating).
 26124 | Shoals:3 | 26124 ||| Stepping ~*~*~tactically~*~*~ (outnumbered).
 26128 | Shoals:3 | 26128 ||| DRINKING 2 potions of curing.
 26128 | Shoals:3 | 26128 ||| (to cure confusion)
 26165 | Shoals:3 | 26165 ||| INVOKING Heroism.
 26466 | Shoals:3 | Found Asesh's Book Shop.
 26726 | Shoals:3 | Noticed Aizul
 26727 | Shoals:3 | 26727 ||| INVOKING Heroism.
 26744 | Shoals:3 | 26744 ||| Stepping ~*~*~tactically~*~*~ (outnumbered).
 26745 | Shoals:3 | 26745 ||| Stepping ~*~*~tactically~*~*~ (outnumbered).
 26747 | Shoals:3 | 26747 ||| INVOKING Finesse.
 26756 | Shoals:3 | Killed Aizul
 27027 | Shoals:3 | 27027 ||| PLANNING SPIDER:4
 27213 | Spider:4 | Entered Level 4 of the Spider Nest
 27214 | Spider:4 | 27214 ||| STAIRDANCE
 27274 | Spider:4 | 27274 ||| FLEEEEING.
 27276 | Spider:4 | 27276 ||| FLEEEEING.
 27277 | Spider:4 | 27277 ||| STAIRDANCE
 27281 | Spider:4 | 27281 ||| STAIRDANCE
 27386 | Spider:4 | 27386 ||| INVOKING Heroism.
 27390 | Spider:4 | 27390 ||| INVOKING Finesse.
 27391 | Spider:4 | 27391 ||| RETREATING.
 27475 | Spider:4 | 27475 ||| INVOKING Finesse.
 27515 | Spider:4 | 27515 ||| INVOKING Heroism.
 27560 | Spider:4 | 27560 ||| INVOKING Finesse.
 27561 | Spider:4 | 27561 ||| RETREATING.
 27570 | Spider:4 | 27570 ||| INVOKING Heroism.
 27590 | Spider:4 | Reached skill level 12 in Armour
 27641 | Spider:4 | 27641 ||| INVOKING Finesse.
 27643 | Spider:4 | 27643 ||| RETREATING.
 27645 | Spider:4 | 27645 ||| Stepping ~*~*~tactically~*~*~ (retreating).
 27646 | Spider:4 | 27646 ||| Stepping ~*~*~tactically~*~*~ (retreating).
 27647 | Spider:4 | 27647 ||| Stepping ~*~*~tactically~*~*~ (retreating).
 27798 | Spider:4 | 27798 ||| Stepping ~*~*~tactically~*~*~ (outnumbered).
 27836 | Spider:4 | 27836 ||| Stepping ~*~*~tactically~*~*~ (outnumbered).
 27987 | Spider:4 | Got a gossamer rune of Zot
 28232 | Spider:4 | 28232 ||| Stepping ~*~*~tactically~*~*~ (outnumbered).
 28235 | Spider:4 | 28235 ||| INVOKING Finesse.
 28292 | Spider:4 | 28292 ||| PLANNING VAULTS:1-4
 28551 | Vaults:1 | Entered Level 1 of the Vaults
 28559 | Vaults:1 | 28559 ||| INVOKING Heroism.
 28594 | Vaults:1 | 28594 ||| RETREATING.
 28595 | Vaults:1 | 28595 ||| Stepping ~*~*~tactically~*~*~ (retreating).
 28596 | Vaults:1 | 28596 ||| Stepping ~*~*~tactically~*~*~ (retreating).
 28597 | Vaults:1 | 28597 ||| Stepping ~*~*~tactically~*~*~ (retreating).
 28603 | Vaults:1 | 28603 ||| RETREATING.
 28604 | Vaults:1 | 28604 ||| Stepping ~*~*~tactically~*~*~ (retreating).
 28605 | Vaults:1 | 28605 ||| Stepping ~*~*~tactically~*~*~ (retreating).
 28606 | Vaults:1 | 28606 ||| Stepping ~*~*~tactically~*~*~ (retreating).
 28607 | Vaults:1 | 28607 ||| Stepping ~*~*~tactically~*~*~ (retreating).
 28608 | Vaults:1 | 28608 ||| Stepping ~*~*~tactically~*~*~ (retreating).
 28609 | Vaults:1 | 28609 ||| Stepping ~*~*~tactically~*~*~ (retreating).
 28610 | Vaults:1 | 28610 ||| Stepping ~*~*~tactically~*~*~ (retreating).
 28614 | Vaults:1 | 28614 ||| FLEEEEING.
 28615 | Vaults:1 | 28615 ||| FLEEEEING.
 28616 | Vaults:1 | 28616 ||| RETREATING.
 28627 | Vaults:1 | Reached skill level 19 in Fighting
 28627 | Vaults:1 | 28627 ||| Stepping ~*~*~tactically~*~*~ (retreating).
 28628 | Vaults:1 | 28628 ||| Stepping ~*~*~tactically~*~*~ (retreating).
 28629 | Vaults:1 | 28629 ||| Stepping ~*~*~tactically~*~*~ (retreating).
 28630 | Vaults:1 | 28630 ||| Stepping ~*~*~tactically~*~*~ (retreating).
 28636 | Vaults:1 | 28636 ||| Stepping ~*~*~tactically~*~*~ (retreating).
 28637 | Vaults:1 | 28637 ||| Stepping ~*~*~tactically~*~*~ (retreating).
 28829 | Vaults:1 | 28829 ||| RETREATING.
 28849 | Vaults:1 | Reached XP level 19. HP: 132/132 MP: 26/26
 28899 | Vaults:1 | 28899 ||| INVOKING Heroism.
 29009 | Vaults:1 | 29009 ||| RETREATING.
 29010 | Vaults:1 | 29010 ||| Stepping ~*~*~tactically~*~*~ (outnumbered).
 29011 | Vaults:1 | 29011 ||| INVOKING Heroism.
 29016 | Vaults:1 | 29016 ||| INVOKING Finesse.
 29135 | Vaults:1 | 29135 ||| Stepping ~*~*~tactically~*~*~ (outnumbered).
 29145 | Vaults:1 | 29145 ||| Stepping ~*~*~tactically~*~*~ (retreating).
 29334 | Vaults:1 | 29334 ||| FLEEEEING.
 29335 | Vaults:1 | 29335 ||| FLEEEEING.
 29336 | Vaults:1 | 29336 ||| FLEEEEING.
 29340 | Vaults:1 | 29340 ||| FLEEEEING.
 29341 | Vaults:1 | 29341 ||| FLEEEEING.
 29342 | Vaults:1 | 29342 ||| FLEEEEING.
 29343 | Vaults:1 | 29343 ||| FLEEEEING.
 29344 | Vaults:1 | 29344 ||| FLEEEEING.
 29345 | Vaults:1 | 29345 ||| FLEEEEING.
 29346 | Vaults:1 | 29346 ||| FLEEEEING.
 29352 | Vaults:1 | 29352 ||| FLEEEEING.
 29353 | Vaults:1 | 29353 ||| FLEEEEING.
 29354 | Vaults:1 | 29354 ||| FLEEEEING.
 29355 | Vaults:1 | 29355 ||| FLEEEEING.
 29356 | Vaults:1 | 29356 ||| FLEEEEING.
 29357 | Vaults:1 | 29357 ||| FLEEEEING.
 29358 | Vaults:1 | 29358 ||| FLEEEEING.
 29359 | Vaults:1 | 29359 ||| FLEEEEING.
 29360 | Vaults:1 | 29360 ||| FLEEEEING.
 29361 | Vaults:1 | 29361 ||| INVOKING Heroism.
 29562 | Vaults:1 | 29562 ||| INVOKING Finesse.
 29563 | Vaults:1 | 29563 ||| Stepping ~*~*~tactically~*~*~ (retreating).
 29565 | Vaults:1 | 29565 ||| Stepping ~*~*~tactically~*~*~ (retreating).
 29571 | Vaults:1 | Reached skill level 15 in Dodging
 29583 | Vaults:1 | Received a gift from Okawaru
 29672 | Vaults:1 | 29672 ||| RETREATING.
 29682 | Vaults:1 | 29682 ||| Stepping ~*~*~tactically~*~*~ (retreating).
 29683 | Vaults:1 | 29683 ||| Stepping ~*~*~tactically~*~*~ (retreating).
 29880 | Vaults:1 | 29880 ||| Stepping ~*~*~tactically~*~*~ (outnumbered).
 29881 | Vaults:1 | 29881 ||| Stepping ~*~*~tactically~*~*~ (outnumbered).
 30211 | Vaults:1 | 30211 ||| Stepping ~*~*~tactically~*~*~ (outnumbered).
 30214 | Vaults:1 | Identified the +1 chain mail of Mumblety Peg {rF+ Int+2}
                  | (Okawaru gifted it to you on level 1 of the Vaults)
 30214 | Vaults:1 | Received a gift from Okawaru
 30246 | Vaults:1 | 30246 ||| INVOKING Heroism.
 30448 | Vaults:2 | 30448 ||| Stepping ~*~*~tactically~*~*~ (retreating).
 30451 | Vaults:2 | 30451 ||| Stepping ~*~*~tactically~*~*~ (retreating).
 30452 | Vaults:2 | 30452 ||| Stepping ~*~*~tactically~*~*~ (retreating).
 30453 | Vaults:2 | 30453 ||| Stepping ~*~*~tactically~*~*~ (retreating).
 30454 | Vaults:2 | 30454 ||| Stepping ~*~*~tactically~*~*~ (retreating).
 30455 | Vaults:2 | 30455 ||| Stepping ~*~*~tactically~*~*~ (retreating).
 30502 | Vaults:2 | 30502 ||| INVOKING Heroism.
 30503 | Vaults:2 | 30503 ||| INVOKING Finesse.
 30621 | Vaults:2 | 30621 ||| Stepping ~*~*~tactically~*~*~ (retreating).
 30623 | Vaults:2 | 30623 ||| Stepping ~*~*~tactically~*~*~ (retreating).
 30624 | Vaults:2 | 30624 ||| Stepping ~*~*~tactically~*~*~ (retreating).
 30625 | Vaults:2 | 30625 ||| Stepping ~*~*~tactically~*~*~ (retreating).
 30626 | Vaults:2 | 30626 ||| Stepping ~*~*~tactically~*~*~ (retreating).
 30631 | Vaults:2 | 30631 ||| Stepping ~*~*~tactically~*~*~ (retreating).
 30632 | Vaults:2 | 30632 ||| Stepping ~*~*~tactically~*~*~ (retreating).
 30633 | Vaults:2 | 30633 ||| Stepping ~*~*~tactically~*~*~ (retreating).
 30634 | Vaults:2 | 30634 ||| Stepping ~*~*~tactically~*~*~ (retreating).
 30635 | Vaults:2 | 30635 ||| Stepping ~*~*~tactically~*~*~ (retreating).
 30636 | Vaults:2 | 30636 ||| Stepping ~*~*~tactically~*~*~ (retreating).
 30647 | Vaults:2 | Reached skill level 20 in Fighting
 30983 | Vaults:2 | Found Humeic's Armour Shoppe.
 30984 | Vaults:2 | Noticed Boris
 30985 | Vaults:2 | 30985 ||| RETREATING.
 30993 | Vaults:2 | 30993 ||| INVOKING Heroism.
 31028 | Vaults:2 | 31028 ||| Stepping ~*~*~tactically~*~*~ (retreating).
 31030 | Vaults:2 | Killed Boris
 31218 | Vaults:2 | Noticed Nikola
 31219 | Vaults:2 | 31219 ||| INVOKING Heroism.
 31228 | Vaults:2 | Killed Nikola
 31294 | Vaults:2 | 31294 ||| FLEEEEING.
 31490 | Vaults:2 | 31490 ||| FLEEEEING.
 31491 | Vaults:2 | 31491 ||| INVOKING Heroism.
 31694 | Vaults:2 | 31694 ||| RETREATING.
 31696 | Vaults:2 | 31696 ||| Stepping ~*~*~tactically~*~*~ (outnumbered).
 31697 | Vaults:2 | 31697 ||| INVOKING Heroism.
 31769 | Vaults:2 | 31769 ||| RETREATING.
 31883 | Vaults:2 | 31883 ||| INVOKING Heroism.
 32205 | Vaults:2 | Reached XP level 20. HP: 140/140 MP: 27/27
 32215 | Vaults:2 | 32215 ||| DROPPING +2 pair of gloves.
 32274 | Vaults:3 | 32274 ||| STAIRDANCE
 32503 | Vaults:3 | 32503 ||| RETREATING.
 32507 | Vaults:3 | 32507 ||| Stepping ~*~*~tactically~*~*~ (retreating).
 32510 | Vaults:3 | 32510 ||| Stepping ~*~*~tactically~*~*~ (retreating).
 32511 | Vaults:3 | 32511 ||| Stepping ~*~*~tactically~*~*~ (retreating).
 32512 | Vaults:3 | 32512 ||| Stepping ~*~*~tactically~*~*~ (retreating).
 32513 | Vaults:3 | 32513 ||| Stepping ~*~*~tactically~*~*~ (retreating).
 32514 | Vaults:3 | 32514 ||| Stepping ~*~*~tactically~*~*~ (retreating).
 32515 | Vaults:3 | 32515 ||| Stepping ~*~*~tactically~*~*~ (retreating).
 32516 | Vaults:3 | 32516 ||| Stepping ~*~*~tactically~*~*~ (retreating).
 32517 | Vaults:3 | 32517 ||| Stepping ~*~*~tactically~*~*~ (retreating).
 32518 | Vaults:3 | 32518 ||| Stepping ~*~*~tactically~*~*~ (retreating).
 32521 | Vaults:3 | 32521 ||| Stepping ~*~*~tactically~*~*~ (retreating).
 32529 | Vaults:3 | 32529 ||| INVOKING Heroism.
 32550 | Vaults:3 | Noticed Boris
 32575 | Vaults:3 | 32575 ||| INVOKING Finesse.
 32580 | Vaults:3 | Killed Boris
 32588 | Vaults:3 | Identified the +5 scale mail of Okawaru's Regard {Regen+
                  | Dex-4 SInv} (Okawaru gifted it to you on level 3 of the
                  | Vaults)
 32588 | Vaults:3 | Received a gift from Okawaru
 32813 | Vaults:3 | 32813 ||| RETREATING.
 32828 | Vaults:3 | 32828 ||| Stepping ~*~*~tactically~*~*~ (retreating).
 32928 | Vaults:3 | Found Adisiapn's Armour Emporium.
 33097 | Vaults:3 | 33097 ||| DRINKING potion of curing.
 33097 | Vaults:3 | 33097 ||| (to cure confusion)
 33108 | Vaults:3 | 33108 ||| Stepping ~*~*~tactically~*~*~ (outnumbered).
 33110 | Vaults:3 | 33110 ||| Stepping ~*~*~tactically~*~*~ (outnumbered).
 33115 | Vaults:3 | 33115 ||| Stepping ~*~*~tactically~*~*~ (outnumbered).
 33131 | Vaults:3 | 33131 ||| Stepping ~*~*~tactically~*~*~ (retreating).
 33137 | Vaults:3 | 33137 ||| FLEEEEING.
 33138 | Vaults:3 | 33138 ||| FLEEEEING.
 33139 | Vaults:3 | 33139 ||| FLEEEEING.
 33140 | Vaults:3 | 33140 ||| FLEEEEING.
 33141 | Vaults:3 | 33141 ||| RETREATING.
 33143 | Vaults:3 | 33143 ||| FLEEEEING.
 33145 | Vaults:3 | 33145 ||| FLEEEEING.
 33146 | Vaults:3 | 33146 ||| FLEEEEING.
 33151 | Vaults:3 | 33151 ||| Stepping ~*~*~tactically~*~*~ (retreating).
 33152 | Vaults:3 | 33152 ||| Stepping ~*~*~tactically~*~*~ (retreating).
 33153 | Vaults:3 | 33153 ||| Stepping ~*~*~tactically~*~*~ (retreating).
 33154 | Vaults:3 | 33154 ||| Stepping ~*~*~tactically~*~*~ (retreating).
 33155 | Vaults:3 | 33155 ||| Stepping ~*~*~tactically~*~*~ (retreating).
 33156 | Vaults:3 | 33156 ||| Stepping ~*~*~tactically~*~*~ (retreating).
 33157 | Vaults:3 | 33157 ||| Stepping ~*~*~tactically~*~*~ (retreating).
 33159 | Vaults:3 | 33159 ||| Stepping ~*~*~tactically~*~*~ (retreating).
 33161 | Vaults:3 | 33161 ||| INVOKING Heroism.
 33186 | Vaults:3 | 33186 ||| INVOKING Heroism.
 33344 | Vaults:3 | 33344 ||| RETREATING.
 33364 | Vaults:3 | 33364 ||| Stepping ~*~*~tactically~*~*~ (outnumbered).
 33369 | Vaults:3 | Reached skill level 21 in Fighting
 33523 | Vaults:3 | Found a staircase to the Crypt.
 33701 | Vaults:4 | 33701 ||| RETREATING.
 33705 | Vaults:4 | 33705 ||| RETREATING.
 33707 | Vaults:4 | 33707 ||| Stepping ~*~*~tactically~*~*~ (retreating).
 33708 | Vaults:4 | 33708 ||| INVOKING Heroism.
 33709 | Vaults:4 | 33709 ||| INVOKING Finesse.
 33715 | Vaults:4 | 33715 ||| Stepping ~*~*~tactically~*~*~ (retreating).
 33715 | Vaults:4 | Noticed Norris
 33719 | Vaults:4 | 33719 ||| Stepping ~*~*~tactically~*~*~ (retreating).
 33720 | Vaults:4 | 33720 ||| Stepping ~*~*~tactically~*~*~ (retreating).
 33724 | Vaults:4 | Killed Norris
 33746 | Vaults:4 | 33746 ||| Stepping ~*~*~tactically~*~*~ (retreating).
 33750 | Vaults:4 | HP: 31/144 [quicksilver dragon (9)]
 33751 | Vaults:4 | 33751 ||| READING 12 scrolls of teleportation.
 33752 | Vaults:4 | 33752 ||| DRINKING 4 potions of heal wounds.
 34139 | Vaults:4 | Found Kiwyif's Antique Weapon Shop.
 34176 | Vaults:4 | 34176 ||| INVOKING Finesse.
 34262 | Vaults:4 | 34262 ||| INVOKING Finesse.
 34402 | Vaults:4 | 34402 ||| FLEEEEING.
 34403 | Vaults:4 | 34403 ||| FLEEEEING.
 34493 | Vaults:4 | Reached XP level 21. HP: 150/150 MP: 28/28
 34758 | Vaults:4 | 34758 ||| FLEEEEING.
 34760 | Vaults:4 | 34760 ||| STAIRDANCE
 34862 | Vaults:3 | 34862 ||| DROPPING +2 helmet.
 35142 | Vaults:4 | 35142 ||| PLANNING SHOALS:4
 35494 | Shoals:4 | Entered Level 4 of the Shoals
 35495 | Shoals:4 | 35495 ||| Stepping ~*~*~tactically~*~*~ (outnumbered).
 35496 | Shoals:4 | 35496 ||| INVOKING Heroism.
 35497 | Shoals:4 | 35497 ||| INVOKING Finesse.
 35583 | Shoals:4 | 35583 ||| Stepping ~*~*~tactically~*~*~ (outnumbered).
 35585 | Shoals:4 | 35585 ||| Stepping ~*~*~tactically~*~*~ (outnumbered).
 35589 | Shoals:4 | 35589 ||| Stepping ~*~*~tactically~*~*~ (outnumbered).
 35592 | Shoals:4 | 35592 ||| Stepping ~*~*~tactically~*~*~ (outnumbered).
 35753 | Shoals:4 | 35753 ||| Stepping ~*~*~tactically~*~*~ (outnumbered).
 35803 | Shoals:4 | 35803 ||| INVOKING Heroism.
 35804 | Shoals:4 | 35804 ||| Stepping ~*~*~tactically~*~*~ (outnumbered).
 35815 | Shoals:4 | 35815 ||| INVOKING Finesse.
 36059 | Shoals:4 | 36059 ||| Stepping ~*~*~tactically~*~*~ (outnumbered).
 36061 | Shoals:4 | 36061 ||| Stepping ~*~*~tactically~*~*~ (outnumbered).
 36063 | Shoals:4 | 36063 ||| Stepping ~*~*~tactically~*~*~ (outnumbered).
 36065 | Shoals:4 | 36065 ||| RETREATING.
 36066 | Shoals:4 | 36066 ||| INVOKING Heroism.
 36067 | Shoals:4 | 36067 ||| INVOKING Finesse.
 36072 | Shoals:4 | 36072 ||| Stepping ~*~*~tactically~*~*~ (retreating).
 36073 | Shoals:4 | 36073 ||| Stepping ~*~*~tactically~*~*~ (retreating).
 36074 | Shoals:4 | 36074 ||| Stepping ~*~*~tactically~*~*~ (retreating).
 36088 | Shoals:4 | Reached skill level 18 in Dodging
 36159 | Shoals:4 | 36159 ||| INVOKING Heroism.
 36160 | Shoals:4 | 36160 ||| INVOKING Finesse.
 36209 | Shoals:4 | Got a barnacled rune of Zot
 36317 | Shoals:4 | Reached skill level 22 in Fighting
 36329 | Shoals:4 | 36329 ||| Stepping ~*~*~tactically~*~*~ (outnumbered).
 36331 | Shoals:4 | 36331 ||| Stepping ~*~*~tactically~*~*~ (outnumbered).
 36333 | Shoals:4 | 36333 ||| Stepping ~*~*~tactically~*~*~ (outnumbered).
 36416 | Shoals:4 | Identified the +9 morningstar of Extremism {freeze, rF++
                  | rCorr Str-2 Stlth+}
 36508 | Shoals:4 | 36508 ||| Stepping ~*~*~tactically~*~*~ (outnumbered).
 36511 | Shoals:4 | 36511 ||| Stepping ~*~*~tactically~*~*~ (outnumbered).
 36577 | Shoals:4 | 36577 ||| Stepping ~*~*~tactically~*~*~ (outnumbered).
 36580 | Shoals:4 | 36580 ||| Stepping ~*~*~tactically~*~*~ (outnumbered).
 36583 | Shoals:4 | 36583 ||| Stepping ~*~*~tactically~*~*~ (outnumbered).
 36593 | Shoals:4 | 36593 ||| Stepping ~*~*~tactically~*~*~ (outnumbered).
 36687 | Shoals:4 | 36687 ||| PLANNING DEPTHS
 37009 | Depths:1 | Entered Level 1 of the Depths
 37143 | Depths:1 | 37143 ||| RETREATING.
 37144 | Depths:1 | Identified the +5 triple crossbow of Poicling {antimagic,
                  | Int+3 Dex+5} (Okawaru gifted it to you on level 1 of the
                  | Depths)
 37144 | Depths:1 | Received a gift from Okawaru
 37163 | Depths:1 | Reached skill level 15 in Armour
 37170 | Depths:1 | 37170 ||| SWAPPING to +5 triple crossbow of Poicling
                  | {antimagic, Int+3 Dex+5}.
 37171 | Depths:1 | 37171 ||| DROPPING +7 longbow of Pagoroub {drain, Will-
                  | Str+4 Int+3 Dex+2}.
 37176 | Depths:1 | 37176 ||| INVOKING Finesse.
 37341 | Depths:1 | 37341 ||| RETREATING.
 37360 | Depths:1 | 37360 ||| Stepping ~*~*~tactically~*~*~ (outnumbered).
 37362 | Depths:1 | 37362 ||| RETREATING.
 37368 | Depths:1 | 37368 ||| Stepping ~*~*~tactically~*~*~ (outnumbered).
 37372 | Depths:1 | 37372 ||| Stepping ~*~*~tactically~*~*~ (retreating).
 37385 | Depths:1 | 37385 ||| INVOKING Heroism.
 37532 | Depths:1 | Found Syqiav Jyic's Book Shoppe.
 37533 | Depths:1 | Found Binlenomn's Jewellery Boutique.
 37533 | Depths:1 | Found Elesyo Zoun's Jewellery Boutique.
 37539 | Depths:1 | 37539 ||| BUYING ring of protection from fire (425 gold).
 37539 | Depths:1 | Bought a ring of protection from fire for 425 gold pieces
 37774 | Depths:1 | Found a gateway to Hell.
 37777 | Depths:1 | 37777 ||| INVOKING Heroism.
 37778 | Depths:1 | 37778 ||| INVOKING Finesse.
 37889 | Depths:1 | Found a white marble altar of Elyvilon.
 37906 | Depths:1 | 37906 ||| INVOKING Heroism.
 37907 | Depths:1 | 37907 ||| INVOKING Finesse.
 38216 | Depths:1 | 38216 ||| DROPPING ring of fire.
 38447 | Depths:2 | 38447 ||| INVOKING Heroism.
 38471 | Depths:2 | 38471 ||| RETREATING.
 38472 | Depths:2 | 38472 ||| Stepping ~*~*~tactically~*~*~ (retreating).
 38498 | Depths:2 | 38498 ||| INVOKING Heroism.
 38561 | Depths:2 | Reached skill level 21 in Ranged Weapons
 38615 | Depths:2 | 38615 ||| Stepping ~*~*~tactically~*~*~ (outnumbered).
 38617 | Depths:2 | 38617 ||| RETREATING.
 38623 | Depths:2 | 38623 ||| Stepping ~*~*~tactically~*~*~ (retreating).
 38718 | Depths:2 | 38718 ||| INVOKING Heroism.
 38721 | Depths:2 | 38721 ||| INVOKING Finesse.
 38722 | Depths:2 | 38722 ||| Stepping ~*~*~tactically~*~*~ (cloud).
 38789 | Depths:2 | Found a one-way gate leading to the halls of Pandemonium.
 38792 | Depths:2 | Reached XP level 22. HP: 156/156 MP: 9/29
 38793 | Depths:2 | 38793 ||| INVOKING Finesse.
 38916 | Depths:2 | 38916 ||| RETREATING.
 38918 | Depths:2 | 38918 ||| Stepping ~*~*~tactically~*~*~ (retreating).
 38920 | Depths:2 | 38920 ||| Stepping ~*~*~tactically~*~*~ (retreating).
 38922 | Depths:2 | 38922 ||| Stepping ~*~*~tactically~*~*~ (retreating).
 38924 | Depths:2 | 38924 ||| Stepping ~*~*~tactically~*~*~ (retreating).
 38926 | Depths:2 | 38926 ||| Stepping ~*~*~tactically~*~*~ (retreating).
 38928 | Depths:2 | 38928 ||| Stepping ~*~*~tactically~*~*~ (retreating).
 38929 | Depths:2 | 38929 ||| INVOKING Heroism.
 38948 | Depths:2 | 38948 ||| Stepping ~*~*~tactically~*~*~ (retreating).
 38950 | Depths:2 | 38950 ||| Stepping ~*~*~tactically~*~*~ (retreating).
 38952 | Depths:2 | 38952 ||| Stepping ~*~*~tactically~*~*~ (retreating).
 38954 | Depths:2 | 38954 ||| Stepping ~*~*~tactically~*~*~ (retreating).
 38956 | Depths:2 | 38956 ||| Stepping ~*~*~tactically~*~*~ (retreating).
 39004 | Depths:2 | 39004 ||| Stepping ~*~*~tactically~*~*~ (retreating).
 39006 | Depths:2 | 39006 ||| Stepping ~*~*~tactically~*~*~ (retreating).
 39008 | Depths:2 | 39008 ||| Stepping ~*~*~tactically~*~*~ (retreating).
 39010 | Depths:2 | 39010 ||| Stepping ~*~*~tactically~*~*~ (retreating).
 39012 | Depths:2 | 39012 ||| Stepping ~*~*~tactically~*~*~ (retreating).
 39018 | Depths:2 | 39018 ||| Stepping ~*~*~tactically~*~*~ (retreating).
 39020 | Depths:2 | 39020 ||| Stepping ~*~*~tactically~*~*~ (retreating).
 39022 | Depths:2 | 39022 ||| Stepping ~*~*~tactically~*~*~ (retreating).
 39031 | Depths:2 | 39031 ||| Stepping ~*~*~tactically~*~*~ (retreating).
 39033 | Depths:2 | 39033 ||| Stepping ~*~*~tactically~*~*~ (retreating).
 39240 | Depths:2 | Noticed Vv
 39241 | Depths:2 | 39241 ||| DRINKING 7 potions of resistance.
 39242 | Depths:2 | 39242 ||| INVOKING Heroism.
 39252 | Depths:2 | Killed Vv
 39252 | Depths:2 | Received a gift from Okawaru
 39289 | Depths:2 | Noticed Boris
 39290 | Depths:2 | 39290 ||| INVOKING Heroism.
 39292 | Depths:2 | Killed Boris
 39375 | Depths:2 | Found Unodwail's Armour Emporium.
 39381 | Depths:2 | 39381 ||| INVOKING Heroism.
 39548 | Depths:2 | 39548 ||| Stepping ~*~*~tactically~*~*~ (outnumbered).
 39551 | Depths:2 | 39551 ||| Stepping ~*~*~tactically~*~*~ (outnumbered).
 39553 | Depths:2 | 39553 ||| Stepping ~*~*~tactically~*~*~ (retreating).
 39557 | Depths:2 | 39557 ||| Stepping ~*~*~tactically~*~*~ (retreating).
 39558 | Depths:2 | 39558 ||| Stepping ~*~*~tactically~*~*~ (retreating).
 39559 | Depths:2 | 39559 ||| Stepping ~*~*~tactically~*~*~ (retreating).
 39560 | Depths:2 | 39560 ||| Stepping ~*~*~tactically~*~*~ (retreating).
 39575 | Depths:2 | 39575 ||| Stepping ~*~*~tactically~*~*~ (outnumbered).
 39577 | Depths:2 | 39577 ||| INVOKING Heroism.
 39685 | Depths:2 | 39685 ||| INVOKING Heroism.
 39688 | Depths:2 | 39688 ||| RETREATING.
 39691 | Depths:2 | 39691 ||| Stepping ~*~*~tactically~*~*~ (retreating).
 39692 | Depths:2 | 39692 ||| Stepping ~*~*~tactically~*~*~ (retreating).
 39693 | Depths:2 | 39693 ||| Stepping ~*~*~tactically~*~*~ (retreating).
 39694 | Depths:2 | 39694 ||| Stepping ~*~*~tactically~*~*~ (retreating).
 39695 | Depths:2 | 39695 ||| Stepping ~*~*~tactically~*~*~ (retreating).
 40079 | Depths:3 | Identified the +0 scale mail of Indecent Exposure {-Tele
                  | rElec rCorr SInv}
 40156 | Depths:3 | 40156 ||| RETREATING.
 40158 | Depths:3 | 40158 ||| RETREATING.
 40195 | Depths:3 | 40195 ||| Stepping ~*~*~tactically~*~*~ (outnumbered).
 40197 | Depths:3 | 40197 ||| RETREATING.
 40211 | Depths:3 | 40211 ||| Stepping ~*~*~tactically~*~*~ (outnumbered).
 40265 | Depths:3 | 40265 ||| INVOKING Heroism.
 40277 | Depths:3 | 40277 ||| INVOKING Finesse.
 40442 | Depths:3 | Found the +2 hat of the Bear Spirit {Spirit, Bear, *Rage
                  | Will++}
 40563 | Depths:3 | 40563 ||| INVOKING Finesse.
 40665 | Depths:3 | 40665 ||| INVOKING Heroism.
 40667 | Depths:3 | 40667 ||| RETREATING.
 40669 | Depths:3 | 40669 ||| Stepping ~*~*~tactically~*~*~ (outnumbered).
 40677 | Depths:3 | 40677 ||| INVOKING Finesse.
 40733 | Depths:3 | Paralysed by a sphinx for 2 turns
 40737 | Depths:3 | 40737 ||| RETREATING.
 40739 | Depths:3 | 40739 ||| INVOKING Heroism.
 40787 | Depths:3 | 40787 ||| INVOKING Heroism.
 40791 | Depths:3 | Noticed a juggernaut
 40802 | Depths:3 | Killed a juggernaut
 40811 | Depths:3 | 40811 ||| INVOKING Finesse.
 40854 | Depths:3 | 40854 ||| INVOKING Finesse.
 40860 | Depths:3 | Reached skill level 23 in Fighting
 40886 | Depths:3 | 40886 ||| INVOKING Heroism.
 40897 | Depths:3 | Reached XP level 23. HP: 129/164 MP: 2/30
 40904 | Depths:3 | Received a gift from Okawaru
 40913 | Depths:3 | 40913 ||| Stepping ~*~*~tactically~*~*~ (retreating).
 40914 | Depths:3 | 40914 ||| Stepping ~*~*~tactically~*~*~ (retreating).
 40915 | Depths:3 | 40915 ||| Stepping ~*~*~tactically~*~*~ (retreating).
 40916 | Depths:3 | 40916 ||| Stepping ~*~*~tactically~*~*~ (retreating).
 40917 | Depths:3 | 40917 ||| Stepping ~*~*~tactically~*~*~ (retreating).
 40918 | Depths:3 | 40918 ||| Stepping ~*~*~tactically~*~*~ (retreating).
 40919 | Depths:3 | 40919 ||| INVOKING Finesse.
 41058 | Depths:3 | 41058 ||| INVOKING Heroism.
 41147 | Depths:3 | 41147 ||| INVOKING Heroism.
 41354 | Depths:3 | 41354 ||| INVOKING Heroism.
 41387 | Depths:3 | Found a glowing golden altar of the Shining One.
 41551 | Depths:4 | Entered Level 4 of the Depths
 41590 | Depths:4 | 41590 ||| Stepping ~*~*~tactically~*~*~ (cloud).
 41594 | Depths:4 | 41594 ||| FLEEEEING.
 41595 | Depths:4 | 41595 ||| FLEEEEING.
 41598 | Depths:4 | 41598 ||| FLEEEEING.
 41599 | Depths:4 | 41599 ||| FLEEEEING.
 41600 | Depths:4 | 41600 ||| FLEEEEING.
 41601 | Depths:4 | 41601 ||| FLEEEEING.
 41602 | Depths:4 | 41602 ||| FLEEEEING.
 41604 | Depths:4 | 41604 ||| FLEEEEING.
 41605 | Depths:4 | 41605 ||| FLEEEEING.
 41606 | Depths:4 | 41606 ||| FLEEEEING.
 41607 | Depths:4 | 41607 ||| FLEEEEING.
 41608 | Depths:4 | 41608 ||| FLEEEEING.
 41609 | Depths:4 | 41609 ||| STAIRDANCE
 41652 | Depths:4 | 41652 ||| INVOKING Heroism.
 41725 | Depths:4 | 41725 ||| Stepping ~*~*~tactically~*~*~ (outnumbered).
 41736 | Depths:4 | 41736 ||| RETREATING.
 41852 | Depths:4 | 41852 ||| INVOKING Heroism.
 41893 | Depths:4 | 41893 ||| INVOKING Heroism.
 41938 | Depths:4 | 41938 ||| RETREATING.
 41939 | Depths:4 | 41939 ||| Stepping ~*~*~tactically~*~*~ (retreating).
 41940 | Depths:4 | 41940 ||| INVOKING Heroism.
 41942 | Depths:4 | 41942 ||| Stepping ~*~*~tactically~*~*~ (retreating).
 41950 | Depths:4 | 41950 ||| Stepping ~*~*~tactically~*~*~ (retreating).
 41952 | Depths:4 | 41952 ||| Stepping ~*~*~tactically~*~*~ (retreating).
 41953 | Depths:4 | 41953 ||| Stepping ~*~*~tactically~*~*~ (retreating).
 41954 | Depths:4 | 41954 ||| Stepping ~*~*~tactically~*~*~ (retreating).
 41958 | Depths:4 | 41958 ||| Stepping ~*~*~tactically~*~*~ (retreating).
 41960 | Depths:4 | 41960 ||| Stepping ~*~*~tactically~*~*~ (retreating).
 41961 | Depths:4 | 41961 ||| Stepping ~*~*~tactically~*~*~ (retreating).
 41962 | Depths:4 | 41962 ||| Stepping ~*~*~tactically~*~*~ (retreating).
 41963 | Depths:4 | 41963 ||| Stepping ~*~*~tactically~*~*~ (retreating).
 41978 | Depths:4 | 41978 ||| FLEEEEING.
 41979 | Depths:4 | 41979 ||| FLEEEEING.
 41981 | Depths:4 | 41981 ||| FLEEEEING.
 41990 | Depths:4 | 41990 ||| STAIRDANCE
 42135 | Depths:4 | Found a gate to the Realm of Zot.
 42170 | Depths:4 | 42170 ||| Stepping ~*~*~tactically~*~*~ (outnumbered).
 42185 | Depths:4 | 42185 ||| Stepping ~*~*~tactically~*~*~ (outnumbered).
 42191 | Depths:4 | 42191 ||| Stepping ~*~*~tactically~*~*~ (outnumbered).
 42193 | Depths:4 | 42193 ||| Stepping ~*~*~tactically~*~*~ (outnumbered).
 42197 | Depths:4 | 42197 ||| Stepping ~*~*~tactically~*~*~ (outnumbered).
 42198 | Depths:4 | 42198 ||| Stepping ~*~*~tactically~*~*~ (outnumbered).
 42203 | Depths:4 | 42203 ||| INVOKING Heroism.
 42261 | Depths:4 | 42261 ||| INVOKING Heroism.
 42300 | Depths:4 | Found a radiant altar of Vehumet.
 42300 | Depths:4 | Found the +4 robe of Folly {Brill Will-∞ Int+8}
 42306 | Depths:4 | Identified the +0 robe "Tosejoh" {+Blink Int+3 Archmagi}
 42309 | Depths:4 | Identified the +1 hat of the Ikuchi {Int+6}
 42425 | Depths:4 | Found a one-way gateway to a ziggurat.
 42473 | Depths:4 | 42473 ||| Stepping ~*~*~tactically~*~*~ (outnumbered).
 42475 | Depths:4 | 42475 ||| Stepping ~*~*~tactically~*~*~ (outnumbered).
 42590 | Depths:4 | Identified the +8 great sword "Beetleslayer" {spect, Will+
                  | Int+4 Dex+3}
 42615 | Depths:4 | 42615 ||| RETREATING.
 42619 | Depths:4 | Noticed a golden dragon
 42621 | Depths:4 | 42621 ||| INVOKING Heroism.
 42625 | Depths:4 | Killed a golden dragon
 42661 | Depths:4 | 42661 ||| INVOKING Heroism.
 42739 | Depths:4 | 42739 ||| PLANNING VAULTS:5
 42739 | Depths:4 | 42739 ||| DROPPING +1 hat.
 42740 | Depths:4 | 42740 ||| DROPPING +1 hat of the Ikuchi {Int+6}.
 42741 | Depths:4 | 42741 ||| DROPPING +2 hat.
 42742 | Depths:4 | 42742 ||| DROPPING +2 hat of stealth.
 42743 | Depths:4 | 42743 ||| DROPPING +2 hat.
 42744 | Depths:4 | 42744 ||| DROPPING +0 pair of boots of flying.
 43085 | Vaults:5 | Entered Level 5 of the Vaults
 43087 | Vaults:5 | 43087 ||| STAIRDANCE
 43089 | Vaults:4 | 43089 ||| Stepping ~*~*~tactically~*~*~ (retreating).
 43090 | Vaults:4 | 43090 ||| Stepping ~*~*~tactically~*~*~ (retreating).
 43091 | Vaults:4 | 43091 ||| Stepping ~*~*~tactically~*~*~ (retreating).
 43092 | Vaults:4 | 43092 ||| Stepping ~*~*~tactically~*~*~ (retreating).
 43128 | Vaults:5 | 43128 ||| STAIRDANCE
 43131 | Vaults:4 | 43131 ||| Stepping ~*~*~tactically~*~*~ (retreating).
 43132 | Vaults:4 | 43132 ||| Stepping ~*~*~tactically~*~*~ (retreating).
 43133 | Vaults:4 | 43133 ||| Stepping ~*~*~tactically~*~*~ (retreating).
 43134 | Vaults:4 | 43134 ||| Stepping ~*~*~tactically~*~*~ (retreating).
 43135 | Vaults:4 | 43135 ||| Stepping ~*~*~tactically~*~*~ (retreating).
 43218 | Vaults:5 | 43218 ||| STAIRDANCE
 43220 | Vaults:4 | 43220 ||| INVOKING Heroism.
 43223 | Vaults:4 | 43223 ||| Stepping ~*~*~tactically~*~*~ (retreating).
 43224 | Vaults:4 | 43224 ||| Stepping ~*~*~tactically~*~*~ (retreating).
 43225 | Vaults:4 | 43225 ||| Stepping ~*~*~tactically~*~*~ (retreating).
 43226 | Vaults:4 | 43226 ||| Stepping ~*~*~tactically~*~*~ (retreating).
 43227 | Vaults:4 | 43227 ||| Stepping ~*~*~tactically~*~*~ (retreating).
 43304 | Vaults:5 | 43304 ||| STAIRDANCE
 43306 | Vaults:4 | 43306 ||| Stepping ~*~*~tactically~*~*~ (retreating).
 43307 | Vaults:4 | 43307 ||| Stepping ~*~*~tactically~*~*~ (retreating).
 43308 | Vaults:4 | 43308 ||| Stepping ~*~*~tactically~*~*~ (retreating).
 43309 | Vaults:4 | 43309 ||| Stepping ~*~*~tactically~*~*~ (retreating).
 43310 | Vaults:4 | 43310 ||| Stepping ~*~*~tactically~*~*~ (retreating).
 43311 | Vaults:4 | 43311 ||| Stepping ~*~*~tactically~*~*~ (retreating).
 43312 | Vaults:4 | 43312 ||| Stepping ~*~*~tactically~*~*~ (retreating).
 43313 | Vaults:4 | 43313 ||| Stepping ~*~*~tactically~*~*~ (retreating).
 43348 | Vaults:5 | 43348 ||| STAIRDANCE
 43350 | Vaults:4 | 43350 ||| Stepping ~*~*~tactically~*~*~ (retreating).
 43351 | Vaults:4 | 43351 ||| Stepping ~*~*~tactically~*~*~ (retreating).
 43352 | Vaults:4 | 43352 ||| Stepping ~*~*~tactically~*~*~ (retreating).
 43358 | Vaults:4 | 43358 ||| Stepping ~*~*~tactically~*~*~ (retreating).
 43359 | Vaults:4 | 43359 ||| Stepping ~*~*~tactically~*~*~ (retreating).
 43360 | Vaults:4 | 43360 ||| Stepping ~*~*~tactically~*~*~ (retreating).
 43368 | Vaults:4 | Reached skill level 24 in Fighting
 43417 | Vaults:5 | 43417 ||| STAIRDANCE
 43419 | Vaults:4 | 43419 ||| INVOKING Heroism.
 43420 | Vaults:4 | 43420 ||| INVOKING Finesse.
 43484 | Vaults:5 | 43484 ||| STAIRDANCE
 43555 | Vaults:5 | 43555 ||| STAIRDANCE
 43556 | Vaults:5 | 43556 ||| STAIRDANCE
 43558 | Vaults:4 | 43558 ||| Stepping ~*~*~tactically~*~*~ (retreating).
 43559 | Vaults:4 | 43559 ||| Stepping ~*~*~tactically~*~*~ (retreating).
 43560 | Vaults:4 | 43560 ||| Stepping ~*~*~tactically~*~*~ (retreating).
 43561 | Vaults:4 | 43561 ||| Stepping ~*~*~tactically~*~*~ (retreating).
 43562 | Vaults:4 | 43562 ||| INVOKING Heroism.
 43589 | Vaults:5 | 43589 ||| STAIRDANCE
 43591 | Vaults:4 | 43591 ||| Stepping ~*~*~tactically~*~*~ (retreating).
 43592 | Vaults:4 | 43592 ||| Stepping ~*~*~tactically~*~*~ (retreating).
 43593 | Vaults:4 | 43593 ||| Stepping ~*~*~tactically~*~*~ (retreating).
 43594 | Vaults:4 | 43594 ||| Stepping ~*~*~tactically~*~*~ (retreating).
 43737 | Vaults:5 | 43737 ||| STAIRDANCE
 43739 | Vaults:4 | 43739 ||| Stepping ~*~*~tactically~*~*~ (retreating).
 43740 | Vaults:4 | 43740 ||| Stepping ~*~*~tactically~*~*~ (retreating).
 43741 | Vaults:4 | 43741 ||| Stepping ~*~*~tactically~*~*~ (retreating).
 43742 | Vaults:4 | 43742 ||| Stepping ~*~*~tactically~*~*~ (retreating).
 43743 | Vaults:4 | 43743 ||| INVOKING Heroism.
 43748 | Vaults:4 | 43748 ||| Stepping ~*~*~tactically~*~*~ (retreating).
 43749 | Vaults:4 | 43749 ||| Stepping ~*~*~tactically~*~*~ (retreating).
 43751 | Vaults:4 | 43751 ||| Stepping ~*~*~tactically~*~*~ (retreating).
 43869 | Vaults:5 | 43869 ||| Stepping ~*~*~tactically~*~*~ (retreating).
 43870 | Vaults:5 | 43870 ||| Stepping ~*~*~tactically~*~*~ (retreating).
 43870 | Vaults:5 | Noticed a golden dragon
 43871 | Vaults:5 | 43871 ||| Stepping ~*~*~tactically~*~*~ (retreating).
 43872 | Vaults:5 | 43872 ||| Stepping ~*~*~tactically~*~*~ (retreating).
 43873 | Vaults:5 | 43873 ||| Stepping ~*~*~tactically~*~*~ (retreating).
 43874 | Vaults:5 | 43874 ||| Stepping ~*~*~tactically~*~*~ (outnumbered).
 43875 | Vaults:5 | 43875 ||| Stepping ~*~*~tactically~*~*~ (retreating).
 43876 | Vaults:5 | 43876 ||| Stepping ~*~*~tactically~*~*~ (outnumbered).
 43877 | Vaults:5 | 43877 ||| INVOKING Heroism.
 43882 | Vaults:5 | 43882 ||| Stepping ~*~*~tactically~*~*~ (outnumbered).
 43883 | Vaults:5 | 43883 ||| Stepping ~*~*~tactically~*~*~ (outnumbered).
 43884 | Vaults:5 | 43884 ||| Stepping ~*~*~tactically~*~*~ (outnumbered).
 43886 | Vaults:5 | HP: 40/160 [titan/the air (6)]
 43886 | Vaults:5 | HP: 19/160 [titan/the air (21)]
 43887 | Vaults:5 | 43887 ||| READING 16 scrolls of teleportation.
 43888 | Vaults:5 | 43888 ||| DRINKING 7 potions of heal wounds.
 43889 | Vaults:5 | 43889 ||| DRINKING 6 potions of heal wounds.
 43917 | Vaults:5 | 43917 ||| INVOKING Heroism.
 43965 | Vaults:5 | Reached XP level 24. HP: 108/175 MP: 10/30
 43976 | Vaults:5 | 43976 ||| INVOKING Heroism.
 44014 | Vaults:5 | 44014 ||| INVOKING Heroism.
 44016 | Vaults:5 | Reached skill level 25 in Fighting
 44061 | Vaults:5 | Noticed an ancient lich
 44062 | Vaults:5 | 44062 ||| INVOKING Heroism.
 44063 | Vaults:5 | 44063 ||| INVOKING Finesse.
 44064 | Vaults:5 | 44064 ||| RETREATING.
 44065 | Vaults:5 | 44065 ||| Stepping ~*~*~tactically~*~*~ (retreating).
 44071 | Vaults:5 | Killed an ancient lich
 44143 | Vaults:5 | 44143 ||| FLEEEEING.
 44144 | Vaults:5 | 44144 ||| FLEEEEING.
 44206 | Vaults:5 | Got a silver rune of Zot
 44279 | Vaults:5 | 44279 ||| INVOKING Heroism.
 44342 | Vaults:5 | 44342 ||| Stepping ~*~*~tactically~*~*~ (outnumbered).
 44349 | Vaults:5 | 44349 ||| INVOKING Heroism.
 44419 | Vaults:5 | Identified the +7 battleaxe "Hydrabane" {venom, rPois rF+
                  | Str+3}
 44420 | Vaults:5 | 44420 ||| INVOKING Heroism.
 44435 | Vaults:5 | 44435 ||| INVOKING Heroism.
 44600 | Vaults:5 | Found the +8 frozen axe "Frostbite" {freeze, freezing
                  | cloud, *Noise Fly rC+}
 44664 | Vaults:5 | 44664 ||| INVOKING Heroism.
 44668 | Vaults:5 | Received a gift from Okawaru
 44707 | Vaults:5 | 44707 ||| INVOKING Heroism.
 45023 | Vaults:5 | Identified the +5 plate armour of Space {*Slow rElec Int+3}
 45359 | Vaults:5 | 45359 ||| PLANNING SHOPPING SPREE
 45359 | Vaults:5 | 45359 ||| DROPPING +2 helmet.
 45360 | Vaults:5 | 45360 ||| DROPPING +1 pair of gloves.
 45361 | Vaults:5 | 45361 ||| UPGRADING to amulet of faith.
 45675 | D:6      | 45675 ||| BUYING potion of curing (72 gold).
 45675 | D:6      | Bought a potion of curing for 72 gold pieces
 45699 | D:6      | 45699 ||| BUYING scroll of acquirement (572 gold).
 45699 | D:6      | Bought a scroll of acquirement for 572 gold pieces
 45699 | D:6      | 45699 ||| BUYING scroll of enchant armour (82 gold).
 45699 | D:6      | Bought a scroll of enchant armour for 82 gold pieces
 45699 | D:6      | 45699 ||| BUYING scroll of enchant weapon (82 gold).
 45699 | D:6      | Bought a scroll of enchant weapon for 82 gold pieces
 45699 | D:6      | 45699 ||| READING scroll of acquirement.
 45699 | D:6      | 45699 ||| ACQUIRING 962 gold pieces
 45699 | D:6      | Acquired 962 gold pieces
 45797 | D:3      | Killed Eustachio
 45807 | D:3      | 45807 ||| PLANNING ZOT:1-4
 46169 | Zot:1    | Entered Level 1 of the Realm of Zot
 46176 | Zot:1    | 46176 ||| Stepping ~*~*~tactically~*~*~ (retreating).
 46177 | Zot:1    | 46177 ||| INVOKING Heroism.
 46198 | Zot:1    | 46198 ||| Stepping ~*~*~tactically~*~*~ (outnumbered).
 46206 | Zot:1    | 46206 ||| RETREATING.
 46216 | Zot:1    | 46216 ||| INVOKING Heroism.
 46218 | Zot:1    | 46218 ||| Stepping ~*~*~tactically~*~*~ (cloud).
 46223 | Zot:1    | HP: 41/176 [red draconian scorcher/damnation (25)]
 46224 | Zot:1    | 46224 ||| READING 16 scrolls of teleportation.
 46225 | Zot:1    | 46225 ||| DRINKING 6 potions of heal wounds.
 46228 | Zot:1    | HP: 38/176 [red draconian scorcher/damnation (31)]
 46229 | Zot:1    | 46229 ||| DRINKING 5 potions of heal wounds.
 46234 | Zot:1    | Reached skill level 21 in Dodging
 46480 | Zot:1    | 46480 ||| INVOKING Heroism.
 46513 | Zot:1    | 46513 ||| INVOKING Heroism.
 46775 | Zot:1    | 46775 ||| INVOKING Heroism.
 46816 | Zot:1    | Noticed a curse toe
 46825 | Zot:1    | Killed a curse toe
 47218 | Zot:1    | 47218 ||| RETREATING.
 47221 | Zot:1    | 47221 ||| INVOKING Heroism.
 47263 | Zot:1    | 47263 ||| Stepping ~*~*~tactically~*~*~ (retreating).
 47265 | Zot:1    | 47265 ||| INVOKING Heroism.
 47273 | Zot:1    | Reached skill level 26 in Fighting
 47273 | Zot:1    | Reached XP level 25. HP: 184/184 MP: 9/30
 47274 | Zot:1    | 47274 ||| Stepping ~*~*~tactically~*~*~ (retreating).
 47275 | Zot:1    | 47275 ||| Stepping ~*~*~tactically~*~*~ (retreating).
 47276 | Zot:1    | 47276 ||| Stepping ~*~*~tactically~*~*~ (retreating).
 47277 | Zot:1    | 47277 ||| RETREATING.
 47367 | Zot:1    | Identified the +8 flail of the Three Heavens {distort,
                  | rPois Str+5}
 47411 | Zot:1    | 47411 ||| INVOKING Heroism.
 47451 | Zot:1    | 47451 ||| UPGRADING to ring of protection from fire.
 47505 | Zot:2    | 47505 ||| INVOKING Heroism.
 47577 | Zot:2    | 47577 ||| INVOKING Heroism.
 47586 | Zot:2    | 47586 ||| Stepping ~*~*~tactically~*~*~ (retreating).
 47587 | Zot:2    | 47587 ||| Stepping ~*~*~tactically~*~*~ (retreating).
 47588 | Zot:2    | 47588 ||| Stepping ~*~*~tactically~*~*~ (retreating).
 47589 | Zot:2    | 47589 ||| RETREATING.
 47601 | Zot:2    | 47601 ||| Stepping ~*~*~tactically~*~*~ (retreating).
 47602 | Zot:2    | 47602 ||| Stepping ~*~*~tactically~*~*~ (retreating).
 47603 | Zot:2    | 47603 ||| Stepping ~*~*~tactically~*~*~ (retreating).
 47604 | Zot:2    | 47604 ||| Stepping ~*~*~tactically~*~*~ (retreating).
 47605 | Zot:2    | 47605 ||| Stepping ~*~*~tactically~*~*~ (retreating).
 47892 | Zot:2    | Reached skill level 18 in Armour
 47933 | Zot:2    | 47933 ||| INVOKING Heroism.
 48164 | Zot:2    | 48164 ||| RETREATING.
 48165 | Zot:2    | 48165 ||| Stepping ~*~*~tactically~*~*~ (outnumbered).
 48173 | Zot:2    | 48173 ||| Stepping ~*~*~tactically~*~*~ (retreating).
 48174 | Zot:2    | 48174 ||| Stepping ~*~*~tactically~*~*~ (retreating).
 48175 | Zot:2    | 48175 ||| Stepping ~*~*~tactically~*~*~ (outnumbered).
 48177 | Zot:2    | 48177 ||| INVOKING Heroism.
 48396 | Zot:2    | 48396 ||| Stepping ~*~*~tactically~*~*~ (outnumbered).
 48400 | Zot:2    | 48400 ||| RETREATING.
 48420 | Zot:2    | 48420 ||| INVOKING Heroism.
 48432 | Zot:2    | 48432 ||| Stepping ~*~*~tactically~*~*~ (outnumbered).
 48436 | Zot:2    | 48436 ||| Stepping ~*~*~tactically~*~*~ (retreating).
 48437 | Zot:2    | 48437 ||| Stepping ~*~*~tactically~*~*~ (retreating).
 48458 | Zot:2    | 48458 ||| INVOKING Heroism.
 48806 | Zot:2    | 48806 ||| INVOKING Heroism.
 49054 | Zot:3    | 49054 ||| RETREATING.
 49058 | Zot:3    | 49058 ||| Stepping ~*~*~tactically~*~*~ (retreating).
 49059 | Zot:3    | 49059 ||| Stepping ~*~*~tactically~*~*~ (retreating).
 49060 | Zot:3    | 49060 ||| Stepping ~*~*~tactically~*~*~ (retreating).
 49061 | Zot:3    | 49061 ||| Stepping ~*~*~tactically~*~*~ (retreating).
 49062 | Zot:3    | 49062 ||| Stepping ~*~*~tactically~*~*~ (retreating).
 49063 | Zot:3    | 49063 ||| Stepping ~*~*~tactically~*~*~ (retreating).
 49126 | Zot:3    | 49126 ||| FLEEEEING.
 49127 | Zot:3    | 49127 ||| FLEEEEING.
 49128 | Zot:3    | 49128 ||| FLEEEEING.
 49191 | Zot:3    | 49191 ||| RETREATING.
 49193 | Zot:3    | 49193 ||| Stepping ~*~*~tactically~*~*~ (outnumbered).
 49242 | Zot:3    | 49242 ||| INVOKING Heroism.
 49368 | Zot:3    | 49368 ||| INVOKING Heroism.
 49474 | Zot:3    | Identified the ring "Meyffuqagg" {Ice Will+ Str+3}
 49474 | Zot:3    | Noticed Josephina
 49475 | Zot:3    | 49475 ||| RETREATING.
 49477 | Zot:3    | 49477 ||| RETREATING.
 49480 | Zot:3    | 49480 ||| FLEEEEING.
 49481 | Zot:3    | 49481 ||| FLEEEEING.
 49482 | Zot:3    | 49482 ||| FLEEEEING.
 49483 | Zot:3    | 49483 ||| FLEEEEING.
 49484 | Zot:3    | 49484 ||| FLEEEEING.
 49485 | Zot:3    | 49485 ||| FLEEEEING.
 49492 | Zot:3    | 49492 ||| Stepping ~*~*~tactically~*~*~ (retreating).
 49493 | Zot:3    | 49493 ||| INVOKING Heroism.
 49496 | Zot:3    | Killed Josephina
 49714 | Zot:3    | 49714 ||| Stepping ~*~*~tactically~*~*~ (retreating).
 49715 | Zot:3    | 49715 ||| Stepping ~*~*~tactically~*~*~ (retreating).
 49716 | Zot:3    | 49716 ||| Stepping ~*~*~tactically~*~*~ (retreating).
 49722 | Zot:3    | 49722 ||| Stepping ~*~*~tactically~*~*~ (outnumbered).
 49723 | Zot:3    | 49723 ||| INVOKING Heroism.
 49724 | Zot:3    | 49724 ||| Stepping ~*~*~tactically~*~*~ (retreating).
 49725 | Zot:3    | 49725 ||| Stepping ~*~*~tactically~*~*~ (retreating).
 50284 | Zot:4    | 50284 ||| Stepping ~*~*~tactically~*~*~ (retreating).
 50285 | Zot:4    | 50285 ||| Stepping ~*~*~tactically~*~*~ (retreating).
 50297 | Zot:4    | 50297 ||| Stepping ~*~*~tactically~*~*~ (retreating).
 50303 | Zot:4    | 50303 ||| INVOKING Heroism.
 50522 | Zot:4    | 50522 ||| INVOKING Heroism.
 50524 | Zot:4    | 50524 ||| Stepping ~*~*~tactically~*~*~ (retreating).
 50525 | Zot:4    | 50525 ||| Stepping ~*~*~tactically~*~*~ (retreating).
 50526 | Zot:4    | 50526 ||| Stepping ~*~*~tactically~*~*~ (retreating).
 50981 | Zot:4    | 50981 ||| FLEEEEING.
 50985 | Zot:4    | 50985 ||| FLEEEEING.
 50986 | Zot:4    | 50986 ||| STAIRDANCE
 51061 | Zot:4    | 51061 ||| RETREATING.
 51069 | Zot:4    | 51069 ||| Stepping ~*~*~tactically~*~*~ (retreating).
 51070 | Zot:4    | 51070 ||| Stepping ~*~*~tactically~*~*~ (retreating).
 51071 | Zot:4    | 51071 ||| Stepping ~*~*~tactically~*~*~ (retreating).
 51072 | Zot:4    | 51072 ||| Stepping ~*~*~tactically~*~*~ (retreating).
 51073 | Zot:4    | 51073 ||| INVOKING Heroism.
 51078 | Zot:4    | 51078 ||| Stepping ~*~*~tactically~*~*~ (retreating).
 51086 | Zot:4    | 51086 ||| Stepping ~*~*~tactically~*~*~ (retreating).
 51157 | Zot:4    | 51157 ||| FLEEEEING.
 51369 | Zot:4    | 51369 ||| INVOKING Heroism.
 51496 | Zot:4    | 51496 ||| Stepping ~*~*~tactically~*~*~ (outnumbered).
 51498 | Zot:4    | 51498 ||| RETREATING.
 51500 | Zot:4    | 51500 ||| RETREATING.
 51657 | Zot:4    | Identified the +11 war axe of Deformation {holy, Fragile
                  | rF- Int+8 SInv}
 51685 | Zot:4    | 51685 ||| PLANNING ORB
 51730 | Zot:5    | Entered Level 5 of the Realm of Zot
 51731 | Zot:5    | 51731 ||| INVOKING Heroism.
 51734 | Zot:5    | Noticed a Killer Klown
 51735 | Zot:5    | 51735 ||| STAIRDANCE
 51816 | Zot:5    | 51816 ||| INVOKING Heroism.
 51817 | Zot:5    | 51817 ||| STAIRDANCE
 51838 | Zot:5    | Killed a Killer Klown
 51977 | Zot:5    | 51977 ||| RETREATING.
 51978 | Zot:5    | 51978 ||| Stepping ~*~*~tactically~*~*~ (retreating).
 52066 | Zot:5    | 52066 ||| FLEEEEING.
 52067 | Zot:5    | 52067 ||| FLEEEEING.
 52068 | Zot:5    | 52068 ||| FLEEEEING.
 52069 | Zot:5    | 52069 ||| FLEEEEING.
 52168 | Zot:5    | 52168 ||| INVOKING Heroism.
 52169 | Zot:5    | Noticed an ancient lich
 52170 | Zot:5    | 52170 ||| RETREATING.
 52172 | Zot:5    | 52172 ||| INVOKING Finesse.
 52190 | Zot:5    | 52190 ||| Stepping ~*~*~tactically~*~*~ (retreating).
 52191 | Zot:5    | 52191 ||| Stepping ~*~*~tactically~*~*~ (retreating).
 52193 | Zot:5    | Killed an ancient lich
 52347 | Zot:5    | Noticed a Killer Klown
 52348 | Zot:5    | 52348 ||| INVOKING Heroism.
 52349 | Zot:5    | 52349 ||| INVOKING Finesse.
 52351 | Zot:5    | Reached XP level 26. HP: 192/192 MP: 3/31
 52358 | Zot:5    | Killed a Killer Klown
 52441 | Zot:5    | Noticed a Killer Klown
 52441 | Zot:5    | Noticed a Killer Klown
 52442 | Zot:5    | 52442 ||| INVOKING Heroism.
 52446 | Zot:5    | Killed a Killer Klown
 52447 | Zot:5    | Reached skill level 27 in Fighting
 52448 | Zot:5    | 52448 ||| Stepping ~*~*~tactically~*~*~ (retreating).
 52456 | Zot:5    | 52456 ||| INVOKING Finesse.
 52462 | Zot:5    | Killed a Killer Klown
 52464 | Zot:5    | Gained mutation: You occasionally shout uncontrollably at
                  | your foes. [mutagenic glow]
 52482 | Zot:5    | Gained mutation: You occasionally lose the ability to read
                  | scrolls when taking damage. [mutagenic glow]
 52499 | Zot:5    | Gained mutation: You are frail. (-10% HP) [mutagenic glow]
 52507 | Zot:5    | 52507 ||| DRINKING 7 potions of mutation.
 52507 | Zot:5    | Lost mutation: You occasionally lose the ability to read
                  | scrolls when taking damage. [potion of mutation]
 52507 | Zot:5    | Lost mutation: You occasionally shout uncontrollably at
                  | your foes. [potion of mutation]
 52507 | Zot:5    | Lost mutation: You are frail. (-10% HP) [potion of
                  | mutation]
 52507 | Zot:5    | Gained mutation: You are vulnerable to heat. (rF-) [potion
                  | of mutation]
 52507 | Zot:5    | Gained mutation: You occasionally lose the ability to drink
                  | potions when taking damage. [potion of mutation]
 52509 | Zot:5    | Noticed an orb of fire
 52510 | Zot:5    | 52510 ||| DRINKING 9 potions of resistance.
 52515 | Zot:5    | 52515 ||| INVOKING Heroism.
 52516 | Zot:5    | 52516 ||| Stepping ~*~*~tactically~*~*~ (outnumbered).
 52522 | Zot:5    | Noticed a Killer Klown
 52525 | Zot:5    | Killed an orb of fire
 52532 | Zot:5    | Noticed a Killer Klown
 52534 | Zot:5    | 52534 ||| RETREATING.
 52535 | Zot:5    | Killed a Killer Klown
 52546 | Zot:5    | Killed a Killer Klown
 52639 | Zot:5    | 52639 ||| DRINKING 6 potions of mutation.
 52639 | Zot:5    | Lost mutation: You are vulnerable to heat. (rF-) [potion of
                  | mutation]
 52639 | Zot:5    | Lost mutation: You occasionally lose the ability to drink
                  | potions when taking damage. [potion of mutation]
 52639 | Zot:5    | Gained mutation: You occasionally lose the ability to drink
                  | potions when taking damage. [potion of mutation]
 52639 | Zot:5    | Gained mutation: You have a beak for a mouth. [potion of
                  | mutation]
 52640 | Zot:5    | 52640 ||| DRINKING 5 potions of mutation.
 52640 | Zot:5    | Lost mutation: You occasionally lose the ability to drink
                  | potions when taking damage. [potion of mutation]
 52640 | Zot:5    | Lost mutation: You have a beak for a mouth. [potion of
                  | mutation]
 52640 | Zot:5    | Gained mutation: Your mind is acute. (Int +4, Str/Dex -1)
                  | [potion of mutation]
 52640 | Zot:5    | Gained mutation: You sometimes lose your temper in combat.
                  | [potion of mutation]
 52640 | Zot:5    | Gained mutation: You are robust. (+10% HP) [potion of
                  | mutation]
 52674 | Zot:5    | 52674 ||| DRINKING 4 potions of mutation.
 52674 | Zot:5    | Lost mutation: You sometimes lose your temper in combat.
                  | [potion of mutation]
 52674 | Zot:5    | Lost mutation: You are robust. (+10% HP) [potion of
                  | mutation]
 52674 | Zot:5    | Gained mutation: Your mind is very acute. (Int +8, Str/Dex
                  | -2) [potion of mutation]
 52674 | Zot:5    | Gained mutation: Your magical capacity is low. (-10% MP)
                  | [potion of mutation]
 52674 | Zot:5    | Gained mutation: You have large cloven feet. [potion of
                  | mutation]
 52674 | Zot:5    | Gained mutation: You have hoof-like feet. [potion of
                  | mutation]
 52766 | Zot:5    | Received a gift from Okawaru
 52806 | Zot:5    | Noticed an orb of fire
 52807 | Zot:5    | 52807 ||| DRINKING 8 potions of resistance.
 52808 | Zot:5    | 52808 ||| INVOKING Heroism.
 52809 | Zot:5    | 52809 ||| INVOKING Finesse.
 52814 | Zot:5    | Noticed an ancient lich
 52815 | Zot:5    | 52815 ||| RETREATING.
 52821 | Zot:5    | Killed an orb of fire
 52877 | Zot:5    | 52877 ||| INVOKING Heroism.
 52881 | Zot:5    | Killed an ancient lich
 53166 | Zot:5    | Got the Orb of Zot
 53167 | Zot:5    | 53167 ||| PLANNING ESCAPE
 53167 | Zot:5    | 53167 ||| UPGRADING to -1 helmet of the Locust {Str+3
                  | Dex+5}.
 53174 | Zot:5    | 53174 ||| DRINKING 2 potions of haste.
 53175 | Zot:5    | 53175 ||| INVOKING Heroism.
 53182 | Zot:5    | 53182 ||| DROPPING +2 pair of gloves.
 53183 | Zot:5    | 53183 ||| UPGRADING to +5 ring of evasion.
 53226 | Zot:5    | Noticed a Killer Klown
 53227 | Zot:5    | 53227 ||| INVOKING Finesse.
 53229 | Zot:5    | Killed a Killer Klown
 53250 | Zot:5    | Noticed Zenotet the pandemonium lord
 53250 | Zot:5    | 53250 ||| DRINKING potion of haste.
 53251 | Zot:5    | 53251 ||| Stepping ~*~*~tactically~*~*~ (outnumbered).
 53253 | Zot:5    | 53253 ||| Stepping ~*~*~tactically~*~*~ (outnumbered).
 53255 | Zot:5    | 53255 ||| INVOKING Heroism.
 53256 | Zot:5    | 53256 ||| RETREATING.
 53258 | Zot:5    | 53258 ||| Stepping ~*~*~tactically~*~*~ (outnumbered).
 53259 | Zot:5    | 53259 ||| Stepping ~*~*~tactically~*~*~ (retreating).
 53261 | Zot:5    | 53261 ||| Stepping ~*~*~tactically~*~*~ (retreating).
 53263 | Zot:5    | Paralysed by a floating eye for 4 turns
 53268 | Zot:5    | Gained mutation: You occasionally lose the ability to drink
                  | potions when taking damage. [mutagenic glow]
 53270 | Zot:5    | Killed Zenotet the pandemonium lord
 53279 | Zot:5    | 53279 ||| DRINKING 4 potions of heal wounds.
 53313 | Zot:5    | 53313 ||| DRINKING 5 potions of mutation.
 53313 | Zot:5    | Lost mutation: Your magical capacity is low. (-10% MP)
                  | [potion of mutation]
 53313 | Zot:5    | Lost mutation: Your mind is very acute. (Int +8, Str/Dex
                  | -2) [potion of mutation]
 53313 | Zot:5    | Lost mutation: Your mind is acute. (Int +4, Str/Dex -1)
                  | [potion of mutation]
 53313 | Zot:5    | Gained mutation: Your muscles are strong. (Str +4, Int/Dex
                  | -1) [potion of mutation]
 53313 | Zot:5    | Gained mutation: You expend magic power (3 MP) to
                  | strengthen your wands. [potion of mutation]
 53318 | Zot:5    | 53318 ||| DRINKING 4 potions of mutation.
 53318 | Zot:5    | Lost mutation: You have hoof-like feet. [potion of
                  | mutation]
 53318 | Zot:5    | Lost mutation: You have large cloven feet. [potion of
                  | mutation]
 53318 | Zot:5    | Gained mutation: You possess an exceptional clarity of
                  | mind. [potion of mutation]
 53318 | Zot:5    | Gained mutation: You have sharp toenails. [potion of
                  | mutation]
 53318 | Zot:5    | Gained mutation: You have razor-sharp toenails. [potion of
                  | mutation]
 53318 | Zot:5    | Gained mutation: Your mind is acute. (Int +4, Str/Dex -1)
                  | [potion of mutation]
 53319 | Zot:5    | 53319 ||| DRINKING 3 potions of mutation.
 53319 | Zot:5    | Lost mutation: You possess an exceptional clarity of mind.
                  | [potion of mutation]
 53319 | Zot:5    | Lost mutation: Your muscles are strong. (Str +4, Int/Dex
                  | -1) [potion of mutation]
 53319 | Zot:5    | Lost mutation: You expend magic power (3 MP) to strengthen
                  | your wands. [potion of mutation]
 53319 | Zot:5    | Gained mutation: You have a somewhat thin skeletal
                  | structure. (Dex +2, Stealth+) [potion of mutation]
 53319 | Zot:5    | Gained mutation: Your spells are a little harder to cast,
                  | but a little more powerful. [potion of mutation]
 53320 | Zot:5    | 53320 ||| DRINKING 2 potions of mutation.
 53320 | Zot:5    | Lost mutation: You have a somewhat thin skeletal structure.
                  | (Dex +2, Stealth+) [potion of mutation]
 53320 | Zot:5    | Lost mutation: Your mind is acute. (Int +4, Str/Dex -1)
                  | [potion of mutation]
 53320 | Zot:5    | Lost mutation: You occasionally lose the ability to drink
                  | potions when taking damage. [potion of mutation]
 53320 | Zot:5    | Gained mutation: You sometimes lose your temper in combat.
                  | [potion of mutation]
 53320 | Zot:5    | Gained mutation: You are agile. (Dex +4, Str/Int -1)
                  | [potion of mutation]
 53320 | Zot:5    | Gained mutation: You are partially covered in iridescent
                  | scales. (AC +2) [potion of mutation]
 53321 | Zot:5    | 53321 ||| DRINKING potion of mutation.
 53321 | Zot:5    | Lost mutation: You are agile. (Dex +4, Str/Int -1) [potion
                  | of mutation]
 53321 | Zot:5    | Lost mutation: You are partially covered in iridescent
                  | scales. (AC +2) [potion of mutation]
 53321 | Zot:5    | Gained mutation: You are strong-willed. (Will+) [potion of
                  | mutation]
 53324 | Zot:5    | 53324 ||| DRINKING 7 potions of resistance.
 53325 | Zot:5    | 53325 ||| INVOKING Finesse.
 53329 | Zot:5    | 53329 ||| DRINKING 3 potions of heal wounds.
 53403 | Zot:1    | 53403 ||| FLEEEEING.
 53404 | Zot:1    | 53404 ||| FLEEEEING.
 53405 | Zot:1    | 53405 ||| FLEEEEING.
 53406 | Zot:1    | 53406 ||| FLEEEEING.
 53407 | Zot:1    | 53407 ||| FLEEEEING.
 53408 | Zot:1    | 53408 ||| FLEEEEING.
 53409 | Zot:1    | 53409 ||| FLEEEEING.
 53410 | Zot:1    | 53410 ||| STAIRDANCE
 53648 | D:11     | Noticed Boris
 53649 | D:11     | 53649 ||| INVOKING Heroism.
 53650 | D:11     | 53650 ||| INVOKING Finesse.
 53653 | D:11     | Killed Boris
 53730 | D:7      | 53730 ||| Stepping ~*~*~tactically~*~*~ (retreating).
 53731 | D:7      | 53731 ||| Stepping ~*~*~tactically~*~*~ (retreating).
 53733 | D:7      | 53733 ||| Stepping ~*~*~tactically~*~*~ (retreating).
 53733 | D:7      | Gained mutation: You are vulnerable to heat. (rF-) [a
                  | cacodemon]
 53734 | D:7      | 53734 ||| Stepping ~*~*~tactically~*~*~ (retreating).
 53735 | D:7      | 53735 ||| Stepping ~*~*~tactically~*~*~ (retreating).
 53748 | D:7      | Reached skill level 21 in Armour
 53751 | D:7      | 53751 ||| INVOKING Heroism.
 53884 | D:$      | Escaped with the Orb!

Levels and vault maps discovered:
D:1:      minmay_arrival_cross, layout_loops_ring, serial_forest,
          infiniplex_forest_end_1, infiniplex_forest_clump_tiny,
          infiniplex_forest_lined_2, infiniplex_forest_end_3,
          infiniplex_forest_lined_4_way, infiniplex_forest_straight_4,
          ebering_ecumenical_altar_webs, minmay_nonomino_d4
D:2:      layout_rooms, minmay_fractal_squares_5, uniq_natasha
D:3:      layout_basic, serial_shops, shop, serial_bayou, serial_bayou_crossing,
          serial_bayou_pond_b, serial_bayou_ford_a, serial_bayou_pond_e
D:4:      layout_rooms, old_standard_altar, serial_shops,
          nicolae_shop_advertising_works [nicolae_subvault_shop_adworks],
          dreamdust_princess_bridge, uniq_eustachio
D:5:      wad_crossroads, layout_basic, minmay_temple_entry_stoned_glass
D:6:      layout_cave_pools, serial_shops, shop, shop, shop_coins, shop, shop,
          minivault_1, st_stairs_14
D:7:      hellmonk_crumbling_castle, layout_rooms,
          nicolae_qazlal_eye_of_the_storm, enter_bailey_3, uniq_duvessa,
          uniq_menkaure, uniq_pikel
D:8:      layout_gridville, lemuel_tele_altar,
          nicolae_gozag_cash_rules_everything_around_me,
          gammafunk_temple_overflow_elements, kennysheep_boxes
D:9:      layout_stronghold, worldfamousw_hep_ancestral_shrine,
          dpeg_oklobed_lair
D:10:     layout_roguey, nicolae_neqoxec_dot_bat
D:11:     layout_rooms, nicolae_dithmenos_the_darkroom
D:12:     layout_stronghold, david_orc_1_choice, nicolae_ru_path_of_blood
D:13:     layout_basic
D:14:     layout_stronghold, david_vaults_3, minmay_misc_feat_cross
D:15:     grunt_enter_depths_snipers, layout_loops_ring, serial_shops,
          nicolae_shop_trees, minmay_misc_feat_tiny, uniq_jorgrun
Temple:   bh_familiar_temple
Lair:1:   layout_chaotic_city, serial_bayou_pond_d
Lair:2:   layout_long_grid, nicolae_shoals_entry_roost, spider_nest_entry_webs,
          grunt_megastairs_3
Lair:3:   layout_small_grid, gammafunk_ghost_abyssal_escape, lemuel_fruit_tree,
          grunt_megastairs_5, serial_bayou_shore_a
Lair:4:   layout_loops_ring, serial_bayou_lagoon_b, infiniplex_staircase_pool,
          uniq_rupert
Lair:5:   evilmike_catoblepas_cave, layout_misc_corridors, slime_entry_2,
          grunt_megastairs_1
Shoals:1: layout_shoals, gammafunk_ghost_berserking_beasts
Shoals:2: layout_shoals, nicolae_shoals_circle_sea_wall, hangedman_shoal_volcano
Shoals:3: nicolae_shoals_deep_elves_summer_vacation, layout_shoals,
          serial_shops, shop, nicolae_shoals_enchanted_isle, uniq_bai_suzhen,
          uniq_aizul, uniq_mara
Shoals:4: shoals_end_grunt_ice, layout_shoals, overgrown_hall
Spider:1: layout_spider_delve, uniq_kirke
Spider:2: layout_spider_delve, nicolae_arachne_temple
Spider:3: layout_spider_delve
Spider:4: grunt_spider_rune_island
Orc:1:    layout_caves, enter_volcano_4, serial_shops,
          nicolae_shop_real_fake_doors
Orc:2:    grunt_orc_cross, layout_caves, serial_shops, nicolae_shop_trees,
          guppyfry_library_mini
Vaults:1: nicolae_vaults_tetromino_Z_1, nicolae_vaults_little_squares_1,
          nicolae_vaults_spaceships, v_misc_30,
          vaults_mumra_minichess_inversion, v_pattern_3, v_misc_16,
          nicolae_vaults_windows_and_doors_thing,
          nicolae_vaults_offset_grid_hallway_2, ontoclasm_vaults_ligature,
          v_misc_2, nicolae_vaults_diagonal_hallway_9,
          nicolae_vaults_offset_grid_hallway_1, nicolae_vaults_tetromino_L_1,
          nicolae_vaults_apartment_2, nicolae_vaults_trapezoid_3,
          vaults_room_semicircle, layout_vaults_ring
Vaults:2: nicolae_vaults_tetromino_T_2, nicolae_vaults_closet_pinwheel_2,
          nicolae_vaults_storage_closets_3, nicolae_vaults_weapon_check,
          nicolae_vaults_cochlea, nicolae_vaults_shipping_containers_5,
          v_misc_22, vaults_room_corners, nicolae_vaults_tetromino_Z_2,
          vaults_room_semicircle, layout_vaults_omnicross, serial_shops,
          nicolae_shop_waterfront, uniq_boris, uniq_nikola
Vaults:3: vaults_standard_mumra_x, minmay_crypt_entry_simple_walls, v_misc_33,
          v_misc_12, v_misc_28, v_misc_5, nicolae_vaults_asterisk,
          nicolae_vaults_turnstiles, nicolae_vaults_display_case,
          nicolae_vaults_variable_pillar_hall, layout_vaults_omnibox,
          serial_shops, nicolae_shop_tiny_waterfront
Vaults:4: hangedman_vaults_stream, nicolae_vaults_trapezoid_2,
          nicolae_vaults_whirlpool_walls, nicolae_vaults_frosty_reception,
          v_misc_13, nicolae_vaults_network_s, nicolae_vaults_closet_pinwheel_1,
          nicolae_vaults_diamond_2, nicolae_vaults_trapezoid_4,
          ontoclasm_vaults_twist, nicolae_vaults_yaktaur_gun_rack,
          nicolae_vaults_diamond_1, nicolae_vaults_storage_room_statues,
          layout_vaults_big_room, serial_shops, nicolae_shop_dealshenge,
          uniq_norris
Vaults:5
Depths:1: layout_basic, hell_entry, elyvilon_altar_4, nicolae_integral_box,
          minmay_shop_grove
Depths:2: nooodl_glass_maze, layout_basic, hell_entry, pan_entry, serial_shops,
          nicolae_shop_stone, nrook_pool_corridor,
          minmay_staircase_windowed_small, uniq_vv
Depths:3: minmay_the_grid_square_5x5_5x5_mashed [minmay_the_grid_square_5x5_n,
          minmay_the_grid_square_5x5_slash, minmay_the_grid_square_5x5_inner_z,
          minmay_the_grid_square_5x5_hourglass, minmay_the_grid_square_5x5_bite,
          minmay_the_grid_square_5x5_shrine2,
          minmay_the_grid_square_5x5_prize_gold,
          minmay_the_grid_square_5x5_three_small,
          minmay_the_grid_square_5x5_prize_snowflake,
          minmay_the_grid_square_5x5_half_checkered,
          minmay_the_grid_square_5x5_inset,
          minmay_the_grid_square_5x5_bracketed,
          minmay_the_grid_square_5x5_prize_monsterx,
          minmay_the_grid_square_5x5_moneybag, minmay_the_grid_square_5x5_forky,
          minmay_the_grid_square_5x5_fat_x,
          minmay_the_grid_square_5x5_prize_waves,
          minmay_the_grid_square_5x5_checkered_statues,
          minmay_the_grid_square_5x5_prize_deathbox,
          minmay_the_grid_square_5x5_doubleslash,
          minmay_the_grid_square_5x5_eight, minmay_the_grid_square_5x5_n_small,
          minmay_the_grid_square_5x5_shuriken,
          minmay_the_grid_square_5x5_shrine1,
          minmay_the_grid_square_5x5_inverted_slash], layout_twisted_cross,
          bh_walls_and_bars, abyss_entry_glasseish, pan_entry,
          grunt_hell_entry_dis_grunt, nrook_mini_backslash, tso_oasis_becter
Depths:4: evilmike_zot_entry_diamond, layout_gridlike, enter_ziggurat_f,
          lightli_too_deep, skrybe_limestone_x, grunt_tower_of_power,
          serial_bayou_shore_b
Zot:1:    kennysheep_blocky_hall, layout_basic, st_large_dragon_hoard_2
Zot:2:    layout_cathedral_of_symmetry
Zot:3:    layout_gridlike, uniq_josephina
Zot:4:    layout_gridlike
Zot:5:    layout_misc_corridors

Skill      XL: |  1  2  3  4  5  6  7  8  9 10 11 12 13 14 15 16 17 18 19 20 21 22 23 24 25 26 |
---------------+-------------------------------------------------------------------------------+-----
Ranged Weapons | 5 6 7 8 9 11 12 13 15 17 19 20 21 22 | 22.0
Fighting       | 3 4 5 6 7 8 9 10 11 12 13 15 17 19 20 21 22 23 24 26 27 | 27.0
Armour         | 1 2 3 4 5 6 8 11 12 13 14 15 16 17 18 21 | 21.1
Invocations    | 2 4 8 10 11 | 11.6
Dodging        | 2 3 5 6 8 9 10 12 13 14 16 17 18 19 20 21 22 | 22.0
Stealth        | |  1.1

Action                     |  1- 3 |  4- 6 |  7- 9 | 10-12 | 13-15 | 16-18 | 19-21 | 22-24 | 25-27 || total
---------------------------+-------+-------+-------+-------+-------+-------+-------+-------+-------++-------
   Fire: Shortbow          |   103 |   222 |    17 |       |       |       |       |       |       ||   342
         Orcbow            |       |       |   405 |   766 |    65 |       |       |       |       ||  1236
         Longbow           |       |       |       |       |  1001 |  1198 |  1152 |       |       ||  3351
         Triple crossbow   |       |       |       |       |       |       |   147 |  1076 |   651 ||  1874
 Invoke: Heroism           |       |       |    10 |    27 |    30 |    21 |    24 |    44 |    28 ||   184
         Finesse           |       |       |       |     1 |     8 |    19 |    15 |     9 |     7 ||    59
    Use: Scroll            |     5 |     8 |     8 |     8 |     4 |     3 |     1 |     3 |       ||    40
         Potion            |     1 |     6 |     1 |     2 |     1 |     7 |     2 |     5 |    16 ||    41
 Armour: Leather armour    |    43 |    17 |       |   162 |   198 |    56 |       |       |       ||   476
         Ring mail         |       |   132 |   298 |    63 |       |   131 |   143 |   262 |   202 ||  1231
  Dodge: Dodged            |    31 |   106 |   236 |   499 |   605 |   650 |   578 |  1298 |   669 ||  4672
  Block: Other             |       |       |       |       |     5 |   118 |   103 |   137 |       ||   363
         Reflection        |       |       |       |       |       |    20 |     8 |     9 |       ||    37

Table legend:
 A = Non-vault XP
 B = Vault XP
 C = Vault XP percentage of total XP
 D = Non-vault monster count
 E = Vault monster count
 F = Vault count percentage of total count
                 A         B        C        D         E       F
            +---------+---------+-------+---------+---------+-------
      Total |  655567 |  518359 |  44.2 |    1267 |     639 |  33.5
            +---------+---------+-------+---------+---------+-------
        D:1 |      33 |      10 |  23.3 |      24 |       5 |  17.2
        D:2 |      73 |      59 |  44.7 |      17 |       7 |  29.2
        D:3 |      36 |     214 |  85.6 |      14 |       3 |  17.6
        D:4 |     233 |       0 |   0.0 |      14 |       0 |   0.0
        D:5 |     994 |     359 |  26.5 |      29 |       5 |  14.7
        D:6 |    1610 |       0 |   0.0 |      34 |       0 |   0.0
        D:7 |    1106 |    1059 |  48.9 |      13 |       8 |  38.1
        D:8 |    1633 |       0 |   0.0 |      14 |       0 |   0.0
        D:9 |    1011 |       0 |   0.0 |      21 |       0 |   0.0
       D:10 |    4942 |    1549 |  23.9 |      15 |       6 |  28.6
       D:11 |    3474 |       0 |   0.0 |      16 |       0 |   0.0
       D:12 |    4872 |     650 |  11.8 |      25 |       9 |  26.5
       D:13 |    1917 |    5548 |  74.3 |       3 |      19 |  86.4
       D:14 |    2954 |     605 |  17.0 |      10 |       1 |   9.1
       D:15 |   10376 |    4644 |  30.9 |      20 |       4 |  16.7
     Lair:1 |    4340 |       0 |   0.0 |      23 |       0 |   0.0
     Lair:2 |    7977 |    5043 |  38.7 |      35 |      11 |  23.9
     Lair:3 |    5767 |    1287 |  18.2 |      22 |       4 |  15.4
     Lair:4 |   11466 |    3157 |  21.6 |      43 |       3 |   6.5
     Lair:5 |   16296 |   10888 |  40.1 |      53 |      25 |  32.1
   Shoals:1 |   10580 |       0 |   0.0 |      23 |       0 |   0.0
   Shoals:2 |    3409 |    3905 |  53.4 |       7 |       9 |  56.2
   Shoals:3 |   13432 |   29750 |  68.9 |      27 |      40 |  59.7
   Shoals:4 |   23890 |   22962 |  49.0 |      43 |      39 |  47.6
   Spider:1 |   18454 |    2718 |  12.8 |      52 |       7 |  11.9
   Spider:2 |   27042 |   14632 |  35.1 |      65 |      33 |  33.7
   Spider:3 |   19576 |       0 |   0.0 |      44 |       0 |   0.0
   Spider:4 |   10960 |   19510 |  64.0 |      24 |      36 |  60.0
      Orc:1 |    2131 |       0 |   0.0 |      31 |       0 |   0.0
      Orc:2 |     278 |    7574 |  96.5 |       8 |      42 |  84.0
   Vaults:1 |   35720 |   15430 |  30.2 |      51 |      24 |  32.0
   Vaults:2 |   31470 |   18440 |  36.9 |      49 |      16 |  24.6
   Vaults:3 |   34094 |   21350 |  38.5 |      41 |      27 |  39.7
   Vaults:4 |   23579 |   55538 |  70.2 |      29 |      58 |  66.7
   Vaults:5 |   17974 |   67510 |  79.0 |      22 |      55 |  71.4
   Depths:1 |   27504 |       2 |   0.0 |      36 |       1 |   2.7
   Depths:2 |   48998 |    9635 |  16.4 |      58 |       7 |  10.8
   Depths:3 |   26850 |   67762 |  71.6 |      29 |      58 |  66.7
   Depths:4 |   38931 |   18150 |  31.8 |      45 |      19 |  29.7
      Zot:1 |   40813 |   27329 |  40.1 |      35 |      19 |  35.2
      Zot:2 |   34858 |       0 |   0.0 |      32 |       0 |   0.0
      Zot:3 |   27699 |    4334 |  13.5 |      25 |       5 |  16.7
      Zot:4 |   35448 |       0 |   0.0 |      32 |       0 |   0.0
      Zot:5 |   20767 |   76756 |  78.7 |      14 |      34 |  70.8
            +---------+---------+-------+---------+---------+-------
